 Dungeon Crawl Stone Soup version 0.23-a0-315-ga85b81c (webtiles) character file.

464427 CozyGlow the Slayer (level 23, -30/173 HPs)
             Began as a Gargoyle Monk on Oct 13, 2018.
             Was the Champion of Jiyva.
             Killed from afar by a Hell Sentinel (51 damage)
             ... with damnation
             ... on level 3 of the Depths.
             The game lasted 04:01:52 (55320 turns).

CozyGlow the Slayer (Gargoyle Monk)                Turns: 55320, Time: 04:01:53

Health: -30/173    AC: 59    Str: 43      XL:     23   Next: 86%
Magic:  29/32      EV:  4    Int:  8 (9)  God:    Jiyva [******]
Gold:   990        SH: 33    Dex: 11      Spells: 22/22 levels left

rFire    + + +     SeeInvis .   D - +8 morningstar "Fuashang" {freeze, rC++ MR++ Stlth-}
rCold    + + .     Gourm    .   N - +18 shield of the Gong {rElec rN+ MR+ EV-5}
rNeg     + + +     Faith    .   g - +3 crystal plate armour of the Last Cities {-Cast Str+6}
rPois    ∞         Spirit   .   a - +0 helmet
rElec    +         Reflect  .   z - +1 cloak {MR+}
rCorr    +         Harm     .   u - +2 pair of gloves {Str+3}
MR       +++++     NoCast   +   j - +2 pair of boots
Stlth    ..........             b - amulet of Kymuh {Acrobat rPois rF+++ rN+ Str-4}
HPRegen  0.38/turn              r - +4 ring of protection
MPRegen  0.23/turn              n - +4 ring of strength

@: slimy, very slightly contaminated, studying 2 skills
A: big wings, rugged brown scales 1, clever 1, deterioration 1, negative energy
resistance 1, electricity resistance, strong 2, wild magic 1, unbreathing,
pseudopods 1, jelly absorbing missiles, petrification resistance, rot immunity,
sturdy frame 1, AC +17
}: 4/15 runes: serpentine, barnacled, slimy, silver
a: Fly, Request Jelly, Slimify, Cure Bad Mutation, Renounce Religion


You were on level 3 of the Depths.
You worshipped Jiyva.
Jiyva was exalted by your worship.
You were very full.

You visited 9 branches of the dungeon, and saw 46 of its levels.
You also visited: Sewer, Ossuary, Bailey, Ice Cave and Volcano.

You collected 3156 gold pieces.
You spent 2166 gold pieces at shops.

Inventory:

Hand Weapons
 v - the +4 flail of Flawed Execution {venom, Dex+5}
   (You found it on level 4 of the Dungeon)

   It poisons the flesh of those it strikes.
   It affects your dexterity (+5).
 D - the +8 morningstar "Fuashang" (weapon) {freeze, rC++ MR++ Stlth-}
   (You found it on level 2 of the Lair of Beasts)

   It has been specially enchanted to freeze those struck by it, causing extra
   injury to most foes and up to half again as much damage against particularly
   susceptible opponents.
   It can also slow down cold-blooded creatures.
   It greatly protects you from cold.
   It affects your resistance to hostile enchantments.
   It makes you less stealthy.
Armour
 a - a +0 helmet (worn)
   (You found it in an ice cave)
 f - a +2 cloak of poison resistance
   (You found it on level 2 of the Depths)
 g - the +3 crystal plate armour of the Last Cities (worn) {-Cast Str+6}
   (You found it on level 5 of the Pits of Slime)

   It affects your strength (+6).
   It prevents spellcasting.
 j - a +2 pair of boots (worn)
   (You bought it in a shop on level 2 of the Orcish Mines)
 u - a +2 pair of gloves of strength (worn)
   (You found it on level 4 of the Dungeon)
 z - a +1 cloak of magic resistance (worn)
   (You bought it in a shop on level 5 of the Vaults)
 N - the +18 shield of the Gong (worn) {rElec rN+ MR+ EV-5}
   (You found it on level 1 of the Depths)

   It affects your evasion (-5).
   It insulates you from electricity.
   It protects you from negative energy.
   It affects your resistance to hostile enchantments.
 Q - the +4 chain mail of Pantheism {+Blink rF- rN+, unknown}
   (You found it on level 4 of the Depths)

   It makes you vulnerable to fire.
   It protects you from negative energy.
   It lets you blink.
Jewellery
 b - the amulet of Kymuh (around neck) {Acrobat rPois rF+++ rN+ Str-4}
   (You found it on level 5 of the Pits of Slime)

   [amulet of the acrobat]

   It helps you evade while moving and waiting.
   It affects your strength (-4).
   It renders you almost immune to fire.
   It protects you from poison.
   It protects you from negative energy.
 k - an uncursed ring of see invisible {sInv, !d}
   (You found it on level 13 of the Dungeon)
 l - an uncursed amulet of faith {Faith, !P}
   (You took it off a kobold on level 1 of the Dungeon)
 n - a +4 ring of strength (right hand)
   (You found it in a bailey)
 o - the ring of Mistrust {Fire MR+ Int+6}
   (You found it on level 6 of the Lair of Beasts)

   [ring of fire]

   It enhances your fire magic.
   It affects your intelligence (+6).
   It protects you from fire.
   It makes you vulnerable to cold.
   It affects your resistance to hostile enchantments.
 p - the amulet of the Postmodern Tales {Acrobat rPois MR+}
   (You found it on level 13 of the Dungeon)

   [amulet of the acrobat]

   It helps you evade while moving and waiting.
   It protects you from poison.
   It affects your resistance to hostile enchantments.
 r - a +4 ring of protection (left hand)
   (You found it on level 3 of the Lair of Beasts)
 H - a +2 ring of intelligence
   (You found it on level 1 of the Vaults)
 K - an uncursed amulet of regeneration {+regen, !d}
   (You found it on level 6 of the Dungeon)
 L - an uncursed ring of magical power {MP+9}
   (You found it in an ice cave)
 T - an uncursed ring of ice {rC+, rF-}
   (You took it off a merfolk siren on level 2 of the Shoals)
 X - an uncursed ring of ice {rC+, rF-}
   (You took it off Fannar on level 1 of the Lair of Beasts)
Wands
 d - a wand of digging (21)
   (You took it off Dowan on level 6 of the Dungeon)
 q - a wand of paralysis (20)
   (You found it on level 2 of the Dungeon)
 J - a wand of polymorph (33)
   (You found it on level 7 of the Dungeon)
 R - a wand of disintegration (19)
   (You found it on level 11 of the Dungeon)
Scrolls
 m - 20 scrolls of teleportation
 s - a scroll of brand weapon
 y - a scroll of fear
 B - 4 scrolls of fog
 C - 7 scrolls of remove curse
 F - 2 scrolls of blinking {!r}
 I - a scroll of magic mapping {!r}
 M - 2 scrolls of enchant weapon
 O - 5 scrolls of identify
 W - 5 scrolls of amnesia
Potions
 h - a potion of magic
 i - 2 potions of invisibility
 t - a potion of haste
 w - 7 potions of brilliance
 x - a potion of agility
 E - a potion of ambrosia
 G - 5 potions of curing
 P - 4 potions of lignification {!q}
 S - 6 potions of resistance
Books
 e - a manual of Poison Magic {!d}
   (You found it on level 13 of the Dungeon)
 Z - a manual of Fighting {!d}
   (You found it on level 4 of the Shoals)
Miscellaneous
 A - a box of beasts
 Y - a lightning rod (4/4)
   (You found it on level 5 of the Lair of Beasts)
Comestibles
 c - 32 rations


   Skills:
 + Level 24.6 Fighting
 + Level 21.0 Maces & Flails
 - Level 21.4 Armour
 - Level 2.4 Dodging
 - Level 2.1 Stealth
 * Level 12.8 Shields
   Level 12.1 Invocations


You had 22 spell levels left.
You didn't know any spells.
Your spell library contained the following spells:

 Spells                   Type           Power        Failure   Level  Hunger
 Apportation              Tloc           #.....       95%         1    ##.....
 Confusing Touch          Hex            #.....       95%         1    ##.....
 Corona                   Hex            #......      95%         1    ##.....
 Flame Tongue             Conj/Fire      #....        95%         1    ##.....
 Sandblast                Erth           #.....       95%         1    ##.....
 Sting                    Conj/Pois      #...         95%         1    ##.....
 Summon Butterflies       Summ           #.......     95%         1    ##.....
 Summon Small Mammal      Summ           #...         95%         1    ##.....
 Call Imp                 Summ           #.......     98%         2    ###....
 Ensorcelled Hibernation  Hex/Ice        #.....       98%         2    ###....
 Passwall                 Tmut/Erth      #.......     98%         2    ###....
 Poisonous Vapours        Pois/Air       #.....       98%         2    ###....
 Call Canine Familiar     Summ           #.......     100%        3    ####...
 Confuse                  Hex            #.......     100%        3    ####...
 Dazzling Spray           Conj/Hex       #.....       100%        3    ####...
 Gell's Gravitas          Tloc           #.........   100%        3    ####...
 Ignite Poison            Fire/Tmut/Pois #.......     100%        3    ####...
 Lesser Beckoning         Tloc           #.........   100%        3    ####...
 Mephitic Cloud           Conj/Pois/Air  #.......     100%        3    ####...
 Stone Arrow              Conj/Erth      #.....       100%        3    ####...
 Summon Guardian Golem    Hex/Summ       #.......     100%        3    ####...
 Tukima's Dance           Hex            #.......     100%        3    ####...
 Olgreb's Toxic Radiance  Pois           #.......     100%        4    #####..
 Petrify                  Tmut/Erth      #.......     100%        4    #####..
 Summon Ice Beast         Ice/Summ       #.......     100%        4    #####..
 Summon Lightning Spire   Summ/Air       #.......     100%        4    #####..
 Alistair's Intoxication  Tmut/Pois      #.......     100%        5    ######.
 Blade Hands              Tmut           #.........   100%        5    ######.
 Bolt of Draining         Conj/Necr      #.........   100%        5    ######.
 Bolt of Magma            Conj/Fire/Erth #.........   100%        5    ######.
 Borgnjor's Vile Clutch   Necr/Erth      #.........   100%        5    ######.
 Irradiate                Conj/Tmut      #.........   100%        5    ######.
 Metabolic Englaciation   Hex/Ice        #.........   100%        5    ######.
 Silence                  Hex/Air        #.........   100%        5    ######.
 Venom Bolt               Conj/Pois      #.........   100%        5    ######.
 Yara's Violent Unravell  Hex/Tmut       #.........   100%        5    ######.
 Bolt of Fire             Conj/Fire      #.........   100%        6    #######
 Conjure Ball Lightning   Conj/Air       #.........   100%        6    #######
 Darkness                 Hex            #.........   100%        6    #######
 Deflect Missiles         Chrm/Air       #.........   100%        6    #######
 Invisibility             Hex            #.......     100%        6    #######
 Iron Shot                Conj/Erth      #.........   100%        6    #######
 Shadow Creatures         Summ           N/A          100%        6    #######
 Tornado                  Air            #.........   100%        9    #######
 Sublimation of Blood     Necr           Unusable     N/A         2    N/A
 Statue Form              Tmut/Erth      Unusable     N/A         6    N/A

Dungeon Overview and Level Annotations

Branches:
Dungeon (15/15)            Temple (0/1) D:4            Lair (6/6) D:9
 Shoals (4/4) Lair:4        Snake (4/4) Lair:4        Slime (5/5) Lair:5
    Orc (2/2) D:9             Elf (1/3) Orc:2        Vaults (5/5) D:14
  Crypt (0/3) Vaults:2     Depths (4/5) D:15

Altars:
Ashenzari
Dithmenos
Fedhas
Gozag
Hepliaklqana
Kikubaaqudgha
Nemelex Xobeh
Qazlal
Ru
Uskayaw
Vehumet
Wu Jian
Yredelemnul
Zin
The Shining One
Beogh
Jiyva

Shops:
Orc:2 }[?:   Snake:4 }}=   Vaults:2 (   Vaults:3 ?   Vaults:5 =[[%!(!!!=%??
Depths:1 **   Depths:3 :

Portals:
Hell: Depths:1 Depths:2 Depths:3 Depths:4
Abyss: Depths:4
Pandemonium: Depths:3 Depths:4
Ziggurat: Depths:2

Annotations:
Lair:4 1 exclusion
Lair:5 1 exclusion
Snake:1 exclusion: 3 oklob plants
Slime:5 Dissolution, Royal Jelly


Innate Abilities, Weirdness & Mutations

You are resistant to torment.
Your stone body is resilient. (AC +17)
You are immune to poison.
Your large and strong wings let you fly indefinitely.
You resist negative energy. (rN+)
You are resistant to electric shocks. (rElec)
You can survive without breathing.
You are immune to petrification.
You are immune to rotting.
You are partially covered in rugged brown scales. (AC +1, +3% HP)
Your mind is acute. (Int +2)
Your body sometimes deteriorates upon taking damage.
Your muscles are very strong. (Str +4)
Your spells are a little harder to cast, but a little more powerful.
Armour fits poorly on your pseudopods.
You have a small jelly attached to you that may absorb incoming projectiles.
Your movements are slightly less encumbered by armour. (ER -2)


Message History

GONNNNG!
You closely miss Sagof's ghost.
The Hell Sentinel hits you but does no damage.
You block the Hell Sentinel's attack.
GONNNNG!
Sagof's ghost hits you but does no damage.
You hit Sagof's ghost but do no damage.
You bludgeon Sagof's ghost, but do no damage.
You block the Hell Sentinel's attack.
GONNNNG!
You block the Hell Sentinel's attack.
GONNNNG!
Sagof's ghost hits you but does no damage.
You sock Sagof's ghost! You block the Hell Sentinel's attack.
SHROANNG!
You block the Hell Sentinel's attack.
GONNNNG!
You hit Sagof's ghost but do no damage. You block Sagof's ghost's attack.
SHROANNG!
You hit Sagof's ghost but do no damage.
The Hell Sentinel hits you but does no damage.
You block the Hell Sentinel's attack.
BONNNG!
You block Sagof's ghost's attack.
GONNNNG!
You closely miss Sagof's ghost.
The Hell Sentinel hits you but does no damage.
The Hell Sentinel barely misses you.
You puncture Sagof's ghost! You freeze Sagof's ghost.
You destroy Sagof's ghost!
You are struck by the Hell Sentinel's spines.
You completely miss the Hell Sentinel.
You bludgeon the Hell Sentinel, but do no damage.
The Hell Sentinel hits you but does no damage.
You block the Hell Sentinel's attack.
GONNNNG!
You hit the Hell Sentinel but do no damage.
You bludgeon the Hell Sentinel, but do no damage.
You block the Hell Sentinel's attack.
GONNNNG!
The Hell Sentinel hits you but does no damage.
You hit the Hell Sentinel.
You bludgeon the Hell Sentinel, but do no damage.
You bludgeon the Hell Sentinel!!
You bludgeon the Hell Sentinel, but do no damage.
You block the Hell Sentinel's attack.
SHROANNG!
You block the Hell Sentinel's attack.
PANG!
You thump the Hell Sentinel!
You bludgeon the Hell Sentinel, but do no damage.
You block the Hell Sentinel's attack.
BOUMMMMG!
You block the Hell Sentinel's attack.
PANG!
You sock the Hell Sentinel!
You bludgeon the Hell Sentinel, but do no damage.
The Hell Sentinel gestures at you.
The sphere of damnation explodes!
The damnation engulfs you!
The damnation engulfs the Hell Sentinel.
The Hell Sentinel completely resists.
You take 18 damage, and have 125/173 hp.
You hit the Hell Sentinel but do no damage.
You bludgeon the Hell Sentinel!! You bludgeon the Hell Sentinel.
The Hell Sentinel gestures at you.
The sphere of damnation explodes!
The damnation engulfs you!
The damnation engulfs the jelly.
The jelly dies!
The damnation engulfs the Hell Sentinel.
The Hell Sentinel completely resists.
You take 34 damage, and have 91/173 hp.
You spit the Hell Sentinel like a pig!!!
You bludgeon the Hell Sentinel, but do no damage.
The Hell Sentinel gestures at you.
The sphere of damnation explodes!
The damnation engulfs you!
The damnation engulfs the Hell Sentinel.
The Hell Sentinel completely resists.
You take 37 damage, and have 54/173 hp.
MASSIVE DAMAGE!!
A thick mucus forms on the +8 morningstar "Fuashang" {freeze, rC++ MR++ You block the Hell Sentinel's attack.
GONNNNG!
The Hell Sentinel hits you but does no damage.
You now have 28/32 mp.
Your crystal plate armour of the Last Cities prevents you from hitting the Hell The Hell Sentinel gestures at you.
The sphere of damnation explodes!
The damnation engulfs you!
* * * LOW HITPOINT WARNING * * *
The damnation engulfs the jelly.
The jelly dies!
The damnation engulfs the Hell Sentinel.
The Hell Sentinel completely resists.
You take 33 damage, and have 21/173 hp.
Really read
F - 3 scrolls of blinking {!r}?
Blink to where?
You are very lightly contaminated with residual magic.
As you read the scroll of blinking {!r}, it crumbles to dust.
The Hell Sentinel gestures at you.
The sphere of damnation explodes!
The damnation engulfs you!
You die...

.###..#.#..J#.#..#.## #..##....
...###..#...#.#.....# #.......#
.....#####'##.#.....#####........
.......###..#.#.....##..'........
..#......###..#.1...##.#.........
..###......###..§...##...........
..'.................##...........
..#####.#.J..........J...........
..# ##.#J......@...#...#........
### #.....#.....................
#.....#.###############..###
#.......# #..# #.....#.# #..#
#### #..J..#.# #..#
...######.##.# ##..##
..........##.# ##....##
...#####..##.# ##......#


You could see a Hell Sentinel and 3 neutral jellies (fellow slime).

Vanquished Creatures
  The ghost of Sagof the Peltast, a veteran GrMo of Okawaru (Depths:3)
  4 tentacled monstrosities
  2 krakens (Shoals:4)
  4 sphinxes
  3 shadow dragons
  Roxanne (Shoals:2)
  9 nagarajas (Snake:4)
  10 tengu reavers
  2 iron dragons
  12 vault wardens
  9 fire giants
  2 deep elf sorcerers (Vaults:5)
  6 frost giants
  A cacodemon (Depths:4)
  A deep elf elementalist (Vaults:5)
  9 ironheart preservers
  13 stone giants
  2 large abominations
  14 very ugly things
  An entropy weaver (Lair:5)
  3 vampire knights
  A dire elephant (D:15)
  Azrael (D:12)
  7 spark wasps
  2 deep elf annihilators
  11 merfolk impalers
  9 ettins
  A small abomination (Depths:3)
  A deep elf death mage (Vaults:4)
  6 merfolk javelineers
  A crystal guardian (Vaults:3)
  16 yaktaur captains
  Josephine (D:13)
  Fannar (Lair:1)
  7 fire dragons
  2 rakshasas
  35 vault guards
  A monstrous demonspawn (Depths:4)
  7 hydras
  A great orb of eyes (shapeshifter) (Depths:2)
  12 anacondas
  14 naga warriors
  51 two-headed ogres
  A merfolk avatar (Shoals:1)
  4 ice dragons
  7 centaur warriors
  A catoblepas (Shoals:4)
  2 alligator snapping turtles (Shoals:2)
  20 ogre magi
  7 satyrs
  A dancing weapon (Vaults:5)
  2 merfolk aquamancers
  5 death knights
  A death yak (shapeshifter) (Vaults:5)
  5 tengu warriors
  5 deep troll shamans
  A queen ant (shapeshifter) (Depths:2)
  5 spriggan berserkers
  5 death yaks
  2 vampire magi (Depths:2)
  19 naga sharpshooters
  4 deep troll earth magi
  2 shock serpents (Snake:2)
  4 deep elf knights
  Urug (Lair:5)
  A titan zombie (Vaults:5)
  7 hell knights
  Nergalle (Orc:2)
  3 shadow wraiths
  4 salamander mystics
  4 iron trolls
  2 skeletal warriors (D:13)
  A death drake (shapeshifter) (D:13)
  12 sea snakes
  An obsidian statue (Depths:1)
  3 unseen horrors
  6 flayed ghosts
  18 deep trolls
  A gelid demonspawn (Depths:4)
  6 deep elf archers
  5 naga ritualists
  11 ironbrand convokers
  A wizard (Vaults:1)
  14 orc knights
  Pikel (D:6)
  34 harpies
  2 necromancers
  11 mana vipers
  10 orc sorcerers
  4 wolf spiders
  40 ugly things
  A cyclops (Vaults:2)
  2 oklob plants (Shoals:2)
  12 deep elf magi
  9 manticores
  14 salamanders
  18 fauns
  A salamander (shapeshifter) (Vaults:5)
  A cyclops (shapeshifter) (Vaults:2)
  A manticore (shapeshifter) (Vaults:4)
  A faun (shapeshifter) (Depths:4)
  48 black mambas
  10 elephants
  9 vault sentinels
  11 water nymphs
  10 merfolk sirens
  An elephant (shapeshifter) (Depths:4)
  3 guardian serpents
  A torpor snail (Lair:6)
  6 ice statues
  30 naga magi
  10 spiny frogs
  4 rime drakes
  2 tengu conjurers
  An efreet (D:13)
  A golden dragon simulacrum (IceCv)
  11 freezing wraiths
  11 komodo dragons
  An entropy weaver simulacrum (Vaults:3)
  38 yaktaurs
  6 anaconda simulacra (IceCv)
  A hellwing (Depths:4)
  A queen bee (shapeshifter) (Vaults:5)
  6 trolls
  2 meliai (shapeshifter) (Vaults:4)
  A jumping spider (Vaults:4)
  6 meliai
  7 wind drakes
  3 polar bears
  26 merfolk
  A jumping spider (shapeshifter) (Depths:2)
  4 hornets
  A wind drake (shapeshifter) (Vaults:2)
  9 blink frogs
  A meliai zombie (D:15)
  2 dream sheep
  10 hippogriffs
  3 snapping turtles
  17 flying skulls (D:13)
  A tarantella (Vaults:4)
  A shadow (D:15)
  A redback (shapeshifter) (Depths:1)
  A vampire (D:10)
  A spriggan (shapeshifter) (Depths:2)
  A redback (D:13)
  6 wyverns
  5 basilisks
  18 water elementals
  8 wraiths
  34 yaks
  A hog (shapeshifter) (Depths:4)
  A fire bat (Volcano)
  5 fire elementals (D:12)
  A basilisk (shapeshifter) (Vaults:1)
  A vampire mosquito (D:13)
  A neqoxec (Depths:4)
  A steam dragon (D:8)
  36 nagas
  2 harpy simulacra (IceCv)
  17 soldier ants
  2 wargs (Orc:1)
  2 hell hounds (D:12)
  2 acid dragons
  A deep troll skeleton (Vaults:5)
  14 water moccasins
  16 orc warriors
  7 porcupines
  2 black bears
  2 slaves (D:6)
  An orc zombie (Vaults:1)
  2 phantoms
  An eye of draining (D:9)
  8 ice beasts
  A sky beast (D:8)
  A sky beast (shapeshifter) (Depths:2)
  43 ogres
  15 wolves
  A boggart (Depths:2)
  4 orc skeletons (Orc:2)
  15 centaurs
  2 elf skeletons
  14 crocodiles
  2 elf zombies
  21 bullfrogs
  2 big kobolds
  Dowan (D:6)
  7 scorpions
  A troll zombie (Ossuary)
  3 jellies
  4 killer bees
  A howler monkey (D:14)
  4 crimson imps
  A lava snake (Volcano)
  4 centaur zombies
  A quasit (D:9)
  5 hounds
  2 bullfrog skeletons
  12 orc priests
  Crazy Yiuf (D:5)
  4 centaur skeletons
  24 orc wizards
  3 iguanas
  16 worker ants
  2 hell rats (Lair:4)
  A killer bee zombie (D:5)
  4 ogre zombies (Ossuary)
  7 mummies
  13 adders
  2 gnolls (D:10)
  13 river rats
  A shadow imp (D:14)
  3 adder zombies
  3 worms
  5 leopard geckos
  62 orcs
  5 ball pythons
  10 bats
  6 giant cockroaches
  7 goblins
  4 hobgoblins
  19 jackals
  19 kobolds
  2 quokkas
  8 frilled lizards
  A giant cockroach zombie (D:5)
  A gnoll zombie (Ossuary)
  5 goblin zombies (Ossuary)
  2 hobgoblin zombies (Ossuary)
  6 kobold zombies (Ossuary)
  A quokka zombie (Ossuary)
  11 rats
  7 rat zombies (Ossuary)
  6 plants
  9 tentacles (Shoals:4)
1642 creatures vanquished.

Vanquished Creatures (collateral kills)
  Gastronok (Lair:2)
  An entropy weaver (Lair:5)
  Harold (D:7)
  A hydra (D:9)
  A centaur warrior (D:10)
  6 death yaks
  An orc knight (Bailey)
  2 deep elf magi
  A black mamba (Snake:3)
  A komodo dragon (Lair:5)
  6 dream sheep (Lair:5)
  3 blink frogs
  A hippogriff (D:8)
  A wraith (D:10)
  6 yaks
  4 water moccasins
  4 orc warriors
  An ice beast (D:7)
  A sky beast (D:11)
  2 centaurs (Lair:4)
  2 ogres
  2 big kobolds (D:9)
  2 howler monkeys (D:10)
  2 crimson imps (D:10)
  2 hounds
  2 orc priests
  7 orc wizards
  2 worker ants (Lair:5)
  A mummy (Ossuary)
  3 adders
  3 gnolls (D:10)
  An ooze (D:1)
  2 leopard geckos (D:8)
  10 orcs
  3 goblins
  8 kobolds
  A plant (Lair:1)
98 creatures vanquished.

Vanquished Creatures (others)
  An ancient lich (Vaults:5)
  A golden dragon (Vaults:5)
  A titan (Vaults:5)
  7 acid blobs
  5 death oozes
  A quicksilver dragon (Vaults:5)
  Agnes (Snake:3)
  A shadow dragon (Vaults:5)
  A storm dragon (Vaults:5)
  A tengu reaver (Vaults:5)
  The ghost of FilthyApe the Shatterer, an adept MiFi of Okawaru (Depths:1)
  5 azure jellies
  An iron dragon (Depths:3)
  A deep elf sorcerer (Vaults:5)
  A vault warden (Vaults:5)
  A frost giant (Vaults:5)
  An ironheart preserver (Vaults:5)
  An entropy weaver (Vaults:5)
  3 stone giants
  A merfolk impaler (Shoals:4)
  A jiangshi (Depths:1)
  A fire dragon (Depths:2)
  A merfolk javelineer (Shoals:4)
  10 great orbs of eyes
  3 deep elf high priests
  8 yaktaur captains
  A spriggan air mage (Depths:1)
  A vault guard (Vaults:4)
  A merfolk avatar (Lair:6)
  A centaur warrior (Depths:3)
  3 two-headed ogres
  A vampire mage (Depths:1)
  3 ogre magi
  A deep elf knight (Vaults:5)
  A shadow wraith (Vaults:3)
  A glowing orange brain (Depths:2)
  6 ironbrand convokers
  5 deep trolls
  An orc knight (Vaults:4)
  A flayed ghost (Vaults:4)
  2 deep elf magi
  4 necromancers
  3 orc sorcerers
  A human zombie (Vaults:5)
  A wolf spider (D:15)
  A black mamba (Lair:6)
  3 merfolk sirens
  A water nymph (Shoals:2)
  An elephant (Lair:6)
  A water nymph (shapeshifter) (Depths:1)
  4 vault sentinels
  A guardian serpent (Snake:3)
  A naga mage (Snake:3)
  2 freezing wraiths
  A yaktaur skeleton (Vaults:1)
  10 yaktaurs
  3 floating eyes
  A meliai (D:13)
  A hornet (Vaults:4)
  A merfolk (Shoals:4)
  76 slime creatures
  A raiju (shapeshifter) (Depths:2)
  A dream sheep (D:9)
  2 flying skulls (D:13)
  4 redbacks (Vaults:5)
  A wraith (Vaults:1)
  A steam dragon (D:2)
  A basilisk (shapeshifter) (Vaults:3)
  A fire elemental (D:12)
  3 water elementals (Depths:1)
  5 nagas
  A soldier ant (Lair:5)
  A water moccasin (Lair:6)
  An eye of draining (shapeshifter) (Vaults:4)
  4 orc warriors
  A sky beast (D:13)
  10 ogres
  An eye of draining (D:12)
  2 human skeletons (Vaults:1)
  2 boggarts
  A centaur (Depths:3)
  A big kobold (D:9)
  An elf simulacrum (Vaults:1)
  A scorpion (D:14)
  3 killer bees (D:12)
  An electric eel (D:12)
  A crimson imp (D:14)
  An orc priest (Vaults:1)
  A hound (D:8)
  328 jellies
  12 orc wizards
  A shadow imp (D:13)
  An orc skeleton (Orc:2)
  2 ball lightnings
  A leopard gecko (shapeshifter) (Vaults:5)
  14 orcs
  7 kobolds
  A bush (Shoals:3)
  A crawling corpse (Vaults:5)
  21 fungi
  25 plants
  9 tentacles (Shoals:4)
  A withered plant (Shoals:4)
684 creatures vanquished.

Grand Total: 2424 creatures vanquished

Notes
Turn   | Place    | Note
-------+----------+-------------------------------------------
     0 | D:1      | CozyGlow the Gargoyle Monk began the quest for the Orb.
     0 | D:1      | Reached XP level 1. HP: 14/14 MP: 1/1
    87 | D:1      | Found a sparkling altar of Nemelex Xobeh.
    93 | D:1      | Became a worshipper of Nemelex Xobeh the Trickster
    93 | D:1      | Received a gift from Nemelex Xobeh
    93 | D:1      | Reached * piety under Nemelex Xobeh
    93 | D:1      | Received a gift from Nemelex Xobeh
    93 | D:1      | Reached ** piety under Nemelex Xobeh
    93 | D:1      | Received a gift from Nemelex Xobeh
   133 | D:1      | Reached XP level 2. HP: 15/19 MP: 2/2
   382 | D:1      | Reached skill level 1 in Armour
   594 | D:1      | Received a gift from Nemelex Xobeh
   713 | D:2      | Reached XP level 3. HP: 22/23 MP: 3/3
   850 | D:2      | Found a blossoming altar of Fedhas.
   950 | D:2      | Reached skill level 4 in Maces & Flails
   950 | D:2      | Reached XP level 4. HP: 24/29 MP: 4/4
  1024 | D:2      | Received a gift from Nemelex Xobeh
  1161 | D:2      | Noticed a steam dragon
  1161 | D:2      | a worm changed into a steam dragon
  1162 | D:2      | Killed a steam dragon
  1162 | D:2      | Reached skill level 4 in Fighting
  1162 | D:2      | Reached skill level 2 in Armour
  1162 | D:2      | Reached XP level 5. HP: 20/34 MP: 5/5
  1181 | D:2      | Reached skill level 5 in Maces & Flails
  1342 | D:2      | Found a shadowy altar of Dithmenos.
  1444 | D:2      | Reached XP level 6. HP: 36/39 MP: 6/6
  1564 | D:3      | Found a hide-covered altar of Uskayaw.
  1564 | D:3      | Found a stormy altar of Qazlal.
  1564 | D:3      | Found a basalt altar of Yredelemnul.
  1675 | D:3      | Found a glowing golden altar of the Shining One.
  1741 | D:3      | Reached skill level 3 in Armour
  2450 | D:4      | Reached *** piety under Nemelex Xobeh
  2521 | D:4      | Reached skill level 5 in Fighting
  2521 | D:4      | Reached skill level 6 in Maces & Flails
  2521 | D:4      | Reached XP level 7. HP: 44/44 MP: 7/7
  2574 | D:4      | Got a translucent flail
  2575 | D:4      | Identified the +4 flail of Flawed Execution {venom, Dex+5}
                  | (You found it on level 4 of the Dungeon)
  2688 | D:4      | Got a steaming ring mail
  2700 | D:4      | Identified the cursed +1 ring mail of Pozedeyc {+Blink rF-
                  | rCorr Int+3} (You found it on level 4 of the Dungeon)
  2734 | D:4      | Found a staircase to the Ecumenical Temple.
  2811 | D:4      | Found an opulent altar of Gozag.
  3021 | D:5      | Entered Level 5 of the Dungeon
  3029 | D:5      | Reached skill level 4 in Armour
  3324 | D:5      | Reached **** piety under Nemelex Xobeh
  3358 | D:5      | Found an ornate altar of the Wu Jian Council.
  3470 | D:5      | Reached skill level 7 in Maces & Flails
  3470 | D:5      | Reached XP level 8. HP: 51/51 MP: 8/8
  3471 | D:5      | Found an ancient bone altar of Kikubaaqudgha.
  3599 | D:5      | Found a runed door.
  3741 | D:5      | Noticed Crazy Yiuf
  3745 | D:5      | Killed Crazy Yiuf
  3899 | D:6      | Found a glowing drain.
  3920 | Sewer    | Entered a sewer
  4587 | D:6      | Reached skill level 6 in Fighting
  4596 | D:6      | Reached skill level 5 in Armour
  4598 | D:6      | Noticed Duvessa
  4602 | D:6      | Noticed Duvessa
  4602 | D:6      | Duvessa changed into Duvessa the scorpion
  4602 | D:6      | Noticed Dowan
  4607 | D:6      | Killed Duvessa the scorpion
  4615 | D:6      | Killed Dowan
  4675 | D:6      | Got an iridescent whip
  4677 | D:6      | Identified the +4 whip of the Forest {elec, +Blink rElec
                  | rF++ MR-} (You found it on level 6 of the Dungeon)
  4766 | D:6      | Found a sacrificial altar of Ru.
  4769 | D:6      | Found an opulent altar of Gozag.
  4772 | D:6      | Found a hazy altar of Hepliaklqana.
  4997 | D:6      | Noticed Pikel
  5016 | D:6      | Killed Pikel
  5016 | D:6      | Reached skill level 8 in Maces & Flails
  5016 | D:6      | Reached XP level 9. HP: 44/56 MP: 9/9
  5114 | D:7      | Reached skill level 7 in Fighting
  5114 | D:7      | Reached skill level 6 in Armour
  5378 | D:7      | Found a sparkling altar of Nemelex Xobeh.
  5552 | D:7      | Received a gift from Nemelex Xobeh
  5605 | D:7      | Reached ***** piety under Nemelex Xobeh
  5624 | D:7      | Reached skill level 9 in Maces & Flails
  5719 | D:7      | Received a gift from Nemelex Xobeh
  5764 | D:7      | Noticed Harold
  5783 | D:7      | Killed Harold
  6080 | D:7      | Reached skill level 7 in Armour
  6348 | D:8      | Reached skill level 8 in Fighting
  6366 | D:8      | Found a radiant altar of Vehumet.
  6403 | D:8      | Reached skill level 10 in Maces & Flails
  6409 | D:8      | Found a sand-covered staircase.
  6419 | Ossuary  | Entered an ossuary
  6426 | Ossuary  | Received a gift from Nemelex Xobeh
  6751 | Ossuary  | Reached XP level 10. HP: 43/64 MP: 10/10
  7209 | D:8      | Received a gift from Nemelex Xobeh
  7450 | D:8      | Reached skill level 1 in Invocations
  7451 | D:8      | Received a gift from Nemelex Xobeh
  7741 | D:9      | Found a staircase to the Orcish Mines.
  7891 | D:9      | Reached skill level 2 in Invocations
  7916 | D:9      | Reached skill level 9 in Fighting
  7916 | D:9      | Reached skill level 3 in Invocations
  7986 | D:9      | Found a staircase to the Lair.
  8015 | D:9      | Reached skill level 11 in Maces & Flails
  8033 | D:9      | Reached skill level 4 in Invocations
  8139 | D:9      | Received a gift from Nemelex Xobeh
  8299 | D:9      | Found a shattered altar of Ashenzari.
  8379 | D:9      | Got a faintly glowing long sword
  8459 | D:9      | Reached skill level 5 in Invocations
  8582 | D:9      | Found a glowing silver altar of Zin.
  8668 | D:9      | Received a gift from Nemelex Xobeh
  8769 | D:9      | Reached XP level 11. HP: 71/71 MP: 13/15
  8771 | D:9      | Reached skill level 6 in Invocations
  8776 | D:9      | Noticed a three-headed hydra
  8784 | D:9      | Killed a three-headed hydra
  8948 | D:10     | Entered Level 10 of the Dungeon
  8990 | D:10     | Reached skill level 10 in Fighting
  9036 | D:10     | Noticed a death knight
  9039 | D:10     | Noticed a centaur warrior
  9047 | D:10     | Reached skill level 7 in Invocations
  9094 | D:10     | Noticed a deep elf mage
  9100 | D:10     | Killed a deep elf mage
  9134 | D:10     | Found a flagged portal.
  9165 | Bailey   | Entered a bailey
  9175 | Bailey   | Received a gift from Nemelex Xobeh
  9186 | Bailey   | Noticed an orc knight
  9193 | Bailey   | Killed an orc knight
  9203 | Bailey   | Noticed an orc knight
  9222 | Bailey   | HP: 10/72 [orc warrior/enchanted war axe (12)]
  9225 | Bailey   | Killed an orc knight
  9289 | Bailey   | Found an iron altar of Okawaru.
  9641 | D:10     | Killed a death knight
  9641 | D:10     | Reached skill level 8 in Invocations
  9890 | D:10     | HP: 18/73 [something (6)]
  9922 | D:10     | Killed an unseen horror
 10156 | D:10     | Killed a centaur warrior
 10348 | D:10     | Received a gift from Nemelex Xobeh
 10543 | D:11     | Reached skill level 12 in Maces & Flails
 10564 | D:11     | Received a gift from Nemelex Xobeh
 10585 | D:11     | Got a shimmering whip
 10586 | D:11     | Identified the +6 whip of Responsibility {slash, rPois rF+}
                  | (You found it on level 11 of the Dungeon)
 10731 | D:11     | Identified the +4 long sword of Pandemonium {drain, Str+3
                  | Dex+5 Stlth+} (You found it on level 9 of the Dungeon)
 10874 | Lair:1   | Entered Level 1 of the Lair of Beasts
 10901 | Lair:1   | Reached skill level 9 in Invocations
 10934 | Lair:1   | Noticed Fannar
 10977 | Lair:2   | Received a gift from Nemelex Xobeh
 11138 | Lair:1   | Killed Fannar
 11187 | Lair:1   | Identified the Volume of the Stallion
 11216 | Lair:1   | Reached XP level 12. HP: 69/79 MP: 17/19
 11293 | Lair:1   | Found a dark tunnel.
 11299 | Volcano  | Entered a volcano
 11372 | Volcano  | HP: 14/79 [something (18)]
 11677 | Lair:1   | Reached skill level 11 in Fighting
 11870 | Lair:1   | Reached skill level 10 in Invocations
 12019 | Lair:1   | Upgraded the game from 0.23-a0-313-gf30bb39 to
                  | 0.23-a0-315-ga85b81c
 12047 | Lair:2   | Got an iridescent morningstar
 12048 | Lair:2   | Identified the +8 morningstar "Fuashang" {freeze, rC++ MR++
                  | Stlth-} (You found it on level 2 of the Lair of Beasts)
 12285 | Lair:2   | Noticed Gastronok
 12302 | Lair:2   | Killed Gastronok
 12501 | Lair:2   | Received a gift from Nemelex Xobeh
 12527 | Lair:2   | Reached skill level 14 in Fighting
 12527 | Lair:2   | Reached XP level 13. HP: 90/90 MP: 21/21
 12684 | Lair:2   | Reached ****** piety under Nemelex Xobeh
 12869 | Lair:3   | Reached skill level 11 in Invocations
 12873 | Lair:3   | Received a gift from Nemelex Xobeh
 13142 | Lair:3   | Received a gift from Nemelex Xobeh
 13389 | Lair:3   | Received a gift from Nemelex Xobeh
 13681 | Lair:4   | Received a gift from Nemelex Xobeh
 13751 | Lair:4   | Reached skill level 13 in Maces & Flails
 13751 | Lair:4   | Reached skill level 12 in Invocations
 13753 | Lair:4   | Found a staircase to the Shoals.
 13784 | Lair:4   | Gained mutation: Your large and strong wings let you fly
                  | indefinitely. [Gargoyle growth]
 13784 | Lair:4   | Reached XP level 14. HP: 42/96 MP: 20/23
 14120 | Lair:4   | Found a staircase to the Snake Pit.
 14288 | Lair:4   | Received a gift from Nemelex Xobeh
 14542 | Lair:5   | Noticed Urug
 14561 | Lair:5   | Killed Urug
 14596 | Lair:5   | Reached skill level 15 in Fighting
 14640 | Lair:5   | Noticed an entropy weaver
 14647 | Lair:5   | Killed an entropy weaver
 15141 | Lair:5   | Gained mutation: Your body sometimes deteriorates upon
                  | taking damage. [potion of mutation]
 15141 | Lair:5   | Lost mutation: Your body sometimes deteriorates upon taking
                  | damage. [potion of mutation]
 15141 | Lair:5   | Gained mutation: You are partially covered in slimy green
                  | scales. (AC +2) [potion of mutation]
 15142 | Lair:5   | Lost mutation: You are partially covered in slimy green
                  | scales. (AC +2) [potion of mutation]
 15142 | Lair:5   | Gained mutation: You have sharp toenails. [potion of
                  | mutation]
 15142 | Lair:5   | Gained mutation: You are resistant to hostile enchantments.
                  | (MR+) [potion of mutation]
 15161 | Lair:5   | Received a gift from Nemelex Xobeh
 15215 | Lair:5   | Noticed an entropy weaver
 15229 | Lair:5   | Killed an entropy weaver
 15520 | Lair:5   | Reached skill level 16 in Fighting
 15832 | Lair:5   | Found a viscous altar of Jiyva.
 15832 | Lair:5   | Found a staircase to the Slime Pits.
 15871 | Lair:5   | Fell from the grace of Nemelex Xobeh
 15871 | Lair:5   | Became a worshipper of Jiyva Jofumyiq the Shapeless
 15995 | Lair:5   | Reached * piety under Jiyva
 16743 | D:10     | Reached ** piety under Jiyva
 16896 | D:10     | Reached *** piety under Jiyva
 16899 | D:10     | Lost mutation: You have sharp toenails. [Jiyva's grace]
 17239 | D:10     | Reached **** piety under Jiyva
 17797 | D:9      | Gained mutation: Your spells are a little harder to cast,
                  | but a little more powerful. [Jiyva's grace]
 18648 | D:8      | Reached ***** piety under Jiyva
 18651 | D:8      | Lost mutation: You are resistant to hostile enchantments.
                  | (MR+) [Jiyva's grace]
 19346 | D:6      | Gained mutation: You can translocate small distances at
                  | will. [Jiyva's grace]
 20209 | D:4      | Gained mutation: Your natural rate of healing is unusually
                  | fast. [Jiyva's grace]
 22693 | Slime:1  | Entered Level 1 of the Pits of Slime
 22693 | Slime:1  | Noticed an azure jelly
 22812 | Lair:6   | Entered Level 6 of the Lair of Beasts
 22843 | Lair:5   | Gained mutation: You are robust. (+10% HP) [Jiyva's grace]
 22849 | Lair:5   | Reached ****** piety under Jiyva
 23089 | Slime:1  | Noticed an acid blob
 23352 | Slime:3  | Noticed an acid blob
 23379 | Slime:3  | Noticed an azure jelly
 23400 | Slime:3  | Killed an acid blob
 23629 | Slime:4  | Noticed an azure jelly
 23698 | Slime:5  | Entered Level 5 of the Pits of Slime
 23713 | Slime:5  | Noticed an acid blob
 23727 | Slime:5  | Noticed an acid blob
 23728 | Slime:5  | Noticed an acid blob
 23732 | Slime:5  | Noticed an azure jelly
 23733 | Slime:5  | Killed an acid blob
 23734 | Slime:5  | Noticed Dissolution
 23735 | Slime:5  | Noticed an acid blob
 23735 | Slime:5  | Noticed an acid blob
 23736 | Slime:5  | Noticed the Royal Jelly
 23739 | Slime:5  | Gained mutation: Your mind is acute. (Int +2) [Jiyva's
                  | grace]
 23739 | Slime:5  | Killed an acid blob
 23741 | Slime:5  | Found a viscous altar of Jiyva.
 23741 | Slime:5  | Noticed an azure jelly
 23741 | Slime:5  | Noticed an acid blob
 23744 | Slime:5  | Gained mutation: You are somewhat resistant to further
                  | mutation. [Jiyva's grace]
 23745 | Slime:5  | Noticed an azure jelly
 23750 | Slime:5  | Got a steaming pewter amulet
 23750 | Slime:5  | Killed an acid blob
 23750 | Slime:5  | Noticed an acid blob
 23750 | Slime:5  | Gained mutation: You have an increased reservoir of magic.
                  | (+10% MP) [Jiyva's grace]
 23752 | Slime:5  | Got a slimy rune of Zot
 23752 | Slime:5  | Noticed an azure jelly
 23754 | Slime:5  | Got a spiked crystal plate armour
 23756 | Slime:5  | Lost mutation: Your spells are a little harder to cast, but
                  | a little more powerful. [Jiyva's grace]
 23760 | Slime:5  | Gained mutation: Your spells are a little harder to cast,
                  | but a little more powerful. [Jiyva's grace]
 23762 | Slime:5  | Identified the Volume of the Birds and Damage Dealing
 24240 | Lair:6   | Reached skill level 14 in Maces & Flails
 24266 | Lair:6   | Gained mutation: You have acidic saliva. [Jiyva's grace]
 24333 | Lair:6   | Noticed a dire elephant
 24339 | Lair:6   | Slimified a dire elephant
 24339 | Lair:6   | Noticed an acid blob
 24339 | Lair:6   | a dire elephant changed into an acid blob
 24388 | Lair:6   | Lost mutation: You have acidic saliva. [Jiyva's grace]
 24488 | Lair:6   | Gained mutation: Armour fits poorly on your pseudopods.
                  | [Jiyva's grace]
 24500 | Lair:6   | Reached skill level 17 in Fighting
 24500 | Lair:6   | Reached XP level 15. HP: 46/117 MP: 26/26
 24536 | Lair:6   | Gained mutation: You have large cloven feet. [Jiyva's
                  | grace]
 24611 | Lair:6   | Lost mutation: Armour fits poorly on your pseudopods.
                  | [Jiyva's grace]
 24727 | Lair:6   | Gained mutation: You have a small jelly attached to you
                  | that senses nearby items. [Jiyva's grace]
 25055 | Lair:6   | Gained mutation: Your spells are harder to cast, but more
                  | powerful. [Jiyva's grace]
 25208 | Lair:6   | Got a heavily runed amber ring
 25357 | Shoals:1 | Entered Level 1 of the Shoals
 25547 | Shoals:1 | Lost mutation: You have large cloven feet. [Jiyva's grace]
 26092 | Shoals:1 | Lost mutation: You are somewhat resistant to further
                  | mutation. [Jiyva's grace]
 26115 | Shoals:1 | Reached skill level 18 in Fighting
 26291 | Shoals:1 | Identified the +3 crystal plate armour of the Last Cities
                  | {-Cast Str+6} (You found it on level 5 of the Pits of
                  | Slime)
 26460 | Shoals:2 | Gained mutation: You expend magic power (3 MP) to
                  | strengthen your wands. [Jiyva's grace]
 26502 | Shoals:2 | Reached skill level 15 in Maces & Flails
 26579 | Shoals:2 | HP: 20/118 [water nymph/the raging water (13)]
 26600 | Shoals:2 | HP: 24/118 [merfolk javelineer/javelin of returning (14)]
 26720 | Lair:1   | Gained mutation: You have a small jelly attached to you
                  | that may absorb incoming projectiles. [Jiyva's grace]
 26760 | Orc:1    | Entered Level 1 of the Orcish Mines
 26869 | Orc:1    | Noticed an orc warlord
 26877 | Orc:1    | Slimified an orc warlord
 26877 | Orc:1    | Noticed an azure jelly
 26877 | Orc:1    | an orc warlord changed into an azure jelly
 26879 | Orc:1    | Lost mutation: You have a small jelly attached to you that
                  | may absorb incoming projectiles. [Jiyva's grace]
 26884 | Orc:1    | You fall through a shaft!
 26884 | Orc:2    | Entered Level 2 of the Orcish Mines
 26884 | Orc:2    | Found a staircase to the Elven Halls.
 27034 | Orc:2    | Gained mutation: You are agile. (Dex +2) [Jiyva's grace]
 27099 | Orc:1    | Gained mutation: You are covered in fur. (AC +1) [Jiyva's
                  | grace]
 27107 | Orc:1    | Lost mutation: You have an increased reservoir of magic.
                  | (+10% MP) [Jiyva's grace]
 27140 | Orc:1    | Gained mutation: You are resistant to hostile enchantments.
                  | (MR+) [Jiyva's grace]
 27218 | Orc:1    | Lost mutation: You can translocate small distances at will.
                  | [Jiyva's grace]
 27223 | Orc:1    | Found a radiant altar of Vehumet.
 27688 | Orc:2    | Gained mutation: You are partially covered in yellow
                  | scales. (AC +2) [Jiyva's grace]
 27742 | Orc:2    | Lost mutation: You are robust. (+10% HP) [Jiyva's grace]
 27842 | Orc:2    | Lost mutation: You expend magic power (3 MP) to strengthen
                  | your wands. [Jiyva's grace]
 28013 | Orc:2    | Gained mutation: You are partially covered in rugged brown
                  | scales. (AC +1, +3% HP) [Jiyva's grace]
 28075 | Orc:2    | Found Hiugidi's Book Emporium.
 28098 | Orc:2    | Found a radiant altar of Vehumet.
 28131 | Orc:2    | Noticed Nergalle
 28135 | Orc:2    | Killed Nergalle
 28137 | Orc:2    | Found an ancient bone altar of Kikubaaqudgha.
 28146 | Orc:2    | Lost mutation: Your mind is acute. (Int +2) [Jiyva's grace]
 28164 | Orc:2    | Found Enap's Magic Scroll Shoppe.
 28172 | Orc:2    | Bought a scroll of teleportation for 36 gold pieces
 28172 | Orc:2    | Bought a scroll of enchant armour for 90 gold pieces
 28172 | Orc:2    | Bought a scroll of identify for 24 gold pieces
 28172 | Orc:2    | Bought a scroll of identify for 24 gold pieces
 28172 | Orc:2    | Bought a scroll of teleportation for 36 gold pieces
 28172 | Orc:2    | Bought a scroll of identify for 24 gold pieces
 28172 | Orc:2    | Bought a scroll of identify for 24 gold pieces
 28172 | Orc:2    | Bought a scroll of identify for 24 gold pieces
 28173 | Orc:2    | Identified the ring of Mistrust {Fire MR+ Int+6} (You found
                  | it on level 6 of the Lair of Beasts)
 28174 | Orc:2    | Identified the amulet of Kymuh {Acrobat rPois rF+++ rN+
                  | Str-4} (You found it on level 5 of the Pits of Slime)
 28202 | Orc:2    | Found a roughly hewn altar of Beogh.
 28212 | Orc:2    | Found Giroxiv's Gadget Emporium.
 28215 | Orc:2    | Found Lyom's Antique Armour Shoppe.
 28230 | Orc:2    | Bought a pair of embroidered boots for 210 gold pieces
 28459 | Elf:1    | Entered Level 1 of the Elven Halls
 28560 | Elf:1    | Reached skill level 19 in Fighting
 28578 | Elf:1    | Reached XP level 16. HP: 110/119 MP: 25/25
 28842 | D:11     | Gained mutation: You are frail. (-10% HP) [Jiyva's grace]
 28978 | D:12     | Lost mutation: Your spells are harder to cast, but more
                  | powerful. [Jiyva's grace]
 28981 | D:12     | Reached skill level 8 in Armour
 28989 | D:12     | Lost mutation: You are frail. (-10% HP) [Jiyva's power]
 29044 | D:12     | Noticed Azrael
 29052 | D:12     | Killed Azrael
 29060 | D:12     | HP: 26/119 [fire elemental[Azrael] (7)]
 29211 | D:12     | Lost mutation: You are resistant to hostile enchantments.
                  | (MR+) [Jiyva's grace]
 29300 | D:12     | Gained mutation: Your body has grown golden eyes which may
                  | confuse attackers. (Acc +3) [Jiyva's grace]
 29765 | D:13     | Gained mutation: You have acidic saliva. [Jiyva's grace]
 29819 | D:13     | Reached skill level 9 in Armour
 29828 | D:13     | Noticed Josephine
 29841 | D:13     | Killed Josephine
 29914 | D:13     | Gained mutation: Your rubbery body absorbs attacks. (AC +1,
                  | EV +1) [Jiyva's grace]
 29916 | D:13     | Got a sparkling golden amulet
 29921 | D:13     | Identified the amulet of the Postmodern Tales {Acrobat
                  | rPois MR+} (You found it on level 13 of the Dungeon)
 29932 | D:13     | Noticed a tengu reaver
 29958 | D:13     | Killed a tengu reaver
 30005 | D:13     | Gained mutation: You are resistant to hostile enchantments.
                  | (MR+) [Jiyva's grace]
 30083 | D:13     | Noticed a storm dragon
 30090 | D:13     | Slimified a storm dragon
 30090 | D:13     | a storm dragon changed into a slime creature
 30192 | D:13     | Got a pitted scythe
 30193 | D:13     | Identified the +6 scythe of Integrity {antimagic, *Slow
                  | Int+8 Stlth+} (You found it on level 13 of the Dungeon)
 30237 | D:13     | Noticed a tengu reaver
 30244 | D:13     | Killed a tengu reaver
 30244 | D:13     | Reached skill level 10 in Armour
 30484 | D:13     | Lost mutation: Your rubbery body absorbs attacks. (AC +1,
                  | EV +1) [Jiyva's grace]
 30577 | D:13     | Found the +3 giant club "Skullcrusher" {speed, Str+7}
 30615 | D:13     | Reached skill level 16 in Maces & Flails
 31243 | D:14     | Found a gate to the Vaults.
 31266 | D:14     | Reached skill level 11 in Armour
 31307 | D:14     | Gained mutation: Your flesh is cold resistant. (rC+)
                  | [Jiyva's grace]
 31369 | D:14     | Gained mutation: You have a small jelly attached to you
                  | that may absorb incoming projectiles. [Jiyva's grace]
 31611 | D:15     | Entered Level 15 of the Dungeon
 31920 | D:15     | Lost mutation: Your flesh is cold resistant. (rC+) [Jiyva's
                  | grace]
 32022 | D:15     | Reached XP level 17. HP: 126/126 MP: 26/26
 32373 | D:15     | Found a staircase to the Depths.
 32546 | Vaults:1 | Entered Level 1 of the Vaults
 32775 | Vaults:1 | Reached skill level 12 in Armour
 32798 | Vaults:1 | Lost mutation: You are resistant to hostile enchantments.
                  | (MR+) [Jiyva's grace]
 32842 | Vaults:1 | Lost mutation: You have a small jelly attached to you that
                  | senses nearby items. [Jiyva's grace]
 32910 | Vaults:1 | Lost mutation: You have acidic saliva. [Jiyva's grace]
 33043 | Vaults:1 | Lost mutation: You have a small jelly attached to you that
                  | may absorb incoming projectiles. [Jiyva's grace]
 33114 | Vaults:1 | Reached skill level 20 in Fighting
 33151 | Vaults:1 | Gained mutation: Your muscles are strong. (Str +2) [Jiyva's
                  | grace]
 33352 | Vaults:1 | Reached skill level 13 in Armour
 33375 | Vaults:1 | Gained mutation: You are mostly covered in rugged brown
                  | scales. (AC +2, +5% HP) [Jiyva's grace]
 33516 | Vaults:1 | Gained mutation: You expend magic power (3 MP) to
                  | strengthen your wands. [Jiyva's grace]
 33939 | Vaults:2 | Gained mutation: You are very agile. (Dex +4) [Jiyva's
                  | grace]
 34194 | Vaults:2 | Lost mutation: Your natural rate of healing is unusually
                  | fast. [Jiyva's grace]
 34231 | Vaults:2 | Gained mutation: You are somewhat resistant to further
                  | mutation. [Jiyva's grace]
 34266 | Vaults:2 | Reached skill level 14 in Armour
 34274 | Vaults:2 | Reached skill level 17 in Maces & Flails
 34362 | Vaults:2 | Found a staircase to the Crypt.
 34362 | Vaults:2 | Noticed a lich
 34370 | Vaults:2 | Lost mutation: Your body has grown golden eyes which may
                  | confuse attackers. (Acc +3) [Jiyva's grace]
 34375 | Vaults:2 | Slimified a lich
 34375 | Vaults:2 | a lich changed into a death ooze
 34470 | Vaults:2 | Was forgiven by Nemelex Xobeh
 34574 | Vaults:2 | Found Kaetz's Antique Weapon Boutique.
 34742 | Vaults:2 | Lost mutation: You are very agile. (Dex +4) [Jiyva's grace]
 34832 | Vaults:2 | Reached XP level 18. HP: 125/137 MP: 27/27
 35011 | Vaults:2 | Lost mutation: You are somewhat resistant to further
                  | mutation. [Jiyva's grace]
 35245 | Vaults:3 | Gained mutation: You passively map a small area around you.
                  | [Jiyva's grace]
 35411 | Vaults:3 | Lost mutation: Your spells are a little harder to cast, but
                  | a little more powerful. [Jiyva's grace]
 35435 | Vaults:3 | Reached skill level 15 in Armour
 35497 | Vaults:3 | Gained mutation: You have an increased reservoir of magic.
                  | (+10% MP) [Jiyva's grace]
 35578 | Vaults:3 | Found Zaytzopp's Magic Scroll Shop.
 35585 | Vaults:3 | Bought a scroll of teleportation for 60 gold pieces
 35585 | Vaults:3 | Bought a scroll of blinking for 150 gold pieces
 35585 | Vaults:3 | Bought a scroll of teleportation for 60 gold pieces
 35585 | Vaults:3 | Bought a scroll of teleportation for 60 gold pieces
 35585 | Vaults:3 | Bought a scroll of blinking for 150 gold pieces
 35585 | Vaults:3 | Bought a scroll of teleportation for 60 gold pieces
 35585 | Vaults:3 | Bought a scroll of summoning for 190 gold pieces
 35585 | Vaults:3 | Bought a scroll of identify for 40 gold pieces
 35703 | Vaults:3 | Lost mutation: Your muscles are strong. (Str +2) [Jiyva's
                  | grace]
 36023 | Vaults:3 | Gained mutation: Your flesh is heat resistant. (rF+)
                  | [Jiyva's grace]
 36067 | Vaults:3 | Gained mutation: You are robust. (+10% HP) [Jiyva's grace]
 36142 | Vaults:3 | Gained mutation: You have a pair of small antennae on your
                  | head. [Jiyva's grace]
 36171 | Vaults:3 | Gained mutation: You have a small jelly attached to you
                  | that senses nearby items. [Jiyva's grace]
 36221 | Vaults:3 | Reached skill level 16 in Armour
 36614 | Vaults:4 | Gained mutation: You have a pair of antennae on your head.
                  | [Jiyva's grace]
 36625 | Vaults:4 | Reached skill level 21 in Fighting
 36689 | Vaults:4 | Gained mutation: You have a beak for a mouth. [Jiyva's
                  | grace]
 36786 | Vaults:4 | Lost mutation: You expend magic power (3 MP) to strengthen
                  | your wands. [Jiyva's grace]
 36888 | Vaults:4 | Reached XP level 19. HP: 141/157 MP: 30/30
 37166 | Vaults:4 | Gained mutation: You are covered in slimy tendrils that may
                  | disarm your opponents. [Jiyva's grace]
 37233 | Vaults:4 | Lost mutation: You have an increased reservoir of magic.
                  | (+10% MP) [Jiyva's grace]
 37469 | Vaults:4 | Gained mutation: You occasionally shout uncontrollably at
                  | your foes. [Jiyva's grace]
 37687 | Vaults:4 | Gained mutation: You have sharp toenails. [Jiyva's grace]
 37955 | Vaults:5 | Entered Level 5 of the Vaults
 37968 | Vaults:4 | Reached skill level 18 in Maces & Flails
 37995 | Vaults:4 | Reached skill level 17 in Armour
 38003 | Vaults:4 | Lost mutation: You have a pair of antennae on your head.
                  | [Jiyva's grace]
 38068 | Vaults:4 | Gained mutation: You can translocate small distances at
                  | will. [Jiyva's grace]
 38191 | Vaults:4 | Lost mutation: You occasionally shout uncontrollably at
                  | your foes. [Jiyva's grace]
 38315 | Vaults:4 | Gained mutation: You are very robust. (+20% HP) [Jiyva's
                  | grace]
 38435 | Vaults:5 | Gained mutation: Your spells are a little harder to cast,
                  | but a little more powerful. [Jiyva's grace]
 38466 | Vaults:5 | Lost mutation: You have a small jelly attached to you that
                  | senses nearby items. [Jiyva's grace]
 38494 | Vaults:5 | Noticed Margery
 38525 | Vaults:5 | Gained mutation: You have acidic saliva. [Jiyva's grace]
 38601 | Vaults:5 | Slimified Margery
 38601 | Vaults:5 | Noticed Margery
 38601 | Vaults:5 | Margery changed into Margery the azure jelly
 38609 | Vaults:5 | Killed Margery the azure jelly
 38634 | Vaults:5 | Noticed a tentacled monstrosity
 38636 | Vaults:5 | Lost mutation: Your flesh is heat resistant. (rF+) [Jiyva's
                  | grace]
 38650 | Vaults:4 | Reached skill level 18 in Armour
 38680 | Vaults:4 | Killed a tentacled monstrosity
 38714 | Vaults:5 | Noticed a tentacled monstrosity
 38714 | Vaults:5 | Gained mutation: Your rubbery body absorbs attacks. (AC +1,
                  | EV +1) [Jiyva's grace]
 38726 | Vaults:5 | Killed a tentacled monstrosity
 38745 | Vaults:4 | Gained mutation: You have razor-sharp toenails. [Jiyva's
                  | grace]
 38903 | Vaults:5 | Noticed a tentacled monstrosity
 38920 | Vaults:5 | Killed a tentacled monstrosity
 38920 | Vaults:5 | Reached XP level 20. HP: 160/180 MP: 29/29
 38948 | Vaults:5 | Killed a golden dragon
 38955 | Vaults:5 | Gained mutation: Your body has grown golden eyes which may
                  | confuse attackers. (Acc +3) [Jiyva's grace]
 38964 | Vaults:5 | Noticed a golden dragon
 38970 | Vaults:5 | Slimified a golden dragon
 38970 | Vaults:5 | a golden dragon changed into an acid blob
 39037 | Vaults:5 | Gained mutation: You are somewhat resistant to further
                  | mutation. [Jiyva's grace]
 39040 | Vaults:5 | Lost mutation: You are agile. (Dex +2) [Jiyva's grace]
 39168 | Vaults:5 | Gained mutation: Your flesh is cold resistant. (rC+)
                  | [Jiyva's grace]
 39176 | Vaults:5 | Gained mutation: You possess an exceptional clarity of
                  | mind. [Jiyva's grace]
 39246 | Vaults:5 | Lost mutation: You are somewhat resistant to further
                  | mutation. [Jiyva's grace]
 39300 | Vaults:5 | Reached skill level 22 in Fighting
 39303 | Vaults:5 | Lost mutation: You are covered in fur. (AC +1) [Jiyva's
                  | grace]
 39406 | Vaults:5 | Found Axzopn's Magic Scroll Shop.
 39406 | Vaults:5 | Found Bigotop's Food Shoppe.
 39410 | Vaults:5 | Found Nene's Magic Scroll Emporium.
 39425 | Vaults:5 | Found Ytzyv's Distillery.
 39425 | Vaults:5 | Found Buprarph's Distillery.
 39428 | Vaults:5 | Found Okizes's Distillery.
 39443 | Vaults:5 | Bought a potion of might for 88 gold pieces
 39443 | Vaults:5 | Bought a potion of heal wounds for 110 gold pieces
 39517 | Vaults:5 | Bought a scroll of blinking for 127 gold pieces
 39517 | Vaults:5 | Bought a scroll of fear for 59 gold pieces
 39517 | Vaults:5 | Bought a scroll of blinking for 127 gold pieces
 39532 | Vaults:5 | Found Jutsinte's Distillery.
 39546 | Vaults:5 | Found Qeimead's Food Boutique.
 39643 | Vaults:5 | Reached skill level 19 in Armour
 39657 | Vaults:5 | Found Haross's Jewellery Shop.
 39666 | Vaults:5 | Gained mutation: You have claws for feet. [Jiyva's grace]
 39693 | Vaults:5 | Found Onuat's Weapon Shoppe.
 39711 | Vaults:5 | Killed an ancient lich
 39735 | Vaults:5 | Gained mutation: Your body has grown many golden eyes which
                  | may confuse attackers. (Acc +5) [Jiyva's grace]
 39914 | Vaults:5 | Found Untetug's Armour Shoppe.
 39926 | Vaults:5 | Bought a +1 cloak of magic resistance for 198 gold pieces
 39988 | Vaults:5 | Lost mutation: You possess an exceptional clarity of mind.
                  | [Jiyva's grace]
 40127 | Vaults:5 | Noticed a golden dragon
 40143 | Vaults:5 | Slimified a golden dragon
 40143 | Vaults:5 | a golden dragon changed into an azure jelly
 40205 | Vaults:5 | Got a silver rune of Zot
 40313 | Vaults:5 | Found Moneq's Antique Armour Shoppe.
 40317 | Vaults:5 | Bought a pair of runed gloves for 195 gold pieces
 40358 | Vaults:5 | Found Hokuelyr's Jewellery Shoppe.
 40779 | Lair:1   | Lost mutation: You have a beak for a mouth. [Jiyva's grace]
 40834 | Snake:1  | Entered Level 1 of the Snake Pit
 40928 | Snake:1  | Reached skill level 19 in Maces & Flails
 41009 | Snake:1  | Lost mutation: You have a pair of small antennae on your
                  | head. [Jiyva's grace]
 41284 | Snake:1  | Lost mutation: Your flesh is cold resistant. (rC+) [Jiyva's
                  | grace]
 41581 | Snake:2  | Lost mutation: You are covered in slimy tendrils that may
                  | disarm your opponents. [Jiyva's grace]
 41608 | Snake:2  | Gained mutation: You expend magic power (3 MP) to
                  | strengthen your wands. [Jiyva's grace]
 41709 | Snake:2  | Lost mutation: You have acidic saliva. [potion of mutation]
 41709 | Snake:2  | Lost mutation: You are very robust. (+20% HP) [potion of
                  | mutation]
 41709 | Snake:2  | Lost mutation: Your rubbery body absorbs attacks. (AC +1,
                  | EV +1) [potion of mutation]
 41709 | Snake:2  | Gained mutation: You have a pair of small horns on your
                  | head. [potion of mutation]
 41882 | Snake:2  | Lost mutation: You are partially covered in yellow scales.
                  | (AC +2) [Jiyva's grace]
 41933 | Snake:2  | Gained mutation: You are partially covered in thin metallic
                  | scales. (AC +2) [Jiyva's grace]
 42430 | Snake:3  | Reached XP level 21. HP: 174/174 MP: 30/30
 42497 | Snake:3  | Lost mutation: You can translocate small distances at will.
                  | [Jiyva's grace]
 42529 | Snake:3  | Noticed Vashnia
 42533 | Snake:3  | Gained mutation: You have acidic saliva. [Jiyva's grace]
 42540 | Snake:3  | Slimified Vashnia
 42540 | Snake:3  | Noticed Vashnia
 42540 | Snake:3  | Vashnia changed into Vashnia the azure jelly
 42544 | Snake:3  | Reached skill level 20 in Armour
 42560 | Snake:3  | Lost mutation: You have acidic saliva. [Jiyva's grace]
 42705 | Snake:3  | Gained mutation: Scrolls take you a little longer to read.
                  | [Jiyva's grace]
 42808 | Snake:3  | Gained mutation: Your flesh is heat resistant. (rF+)
                  | [Jiyva's grace]
 42832 | Snake:3  | Lost mutation: You have a pair of small horns on your head.
                  | [Jiyva's grace]
 42865 | Snake:3  | Lost mutation: Scrolls take you a little longer to read.
                  | [Jiyva's power]
 42907 | Snake:3  | Killed Agnes
 43300 | Snake:4  | Entered Level 4 of the Snake Pit
 43335 | Snake:4  | Found Luxkiwuk's Gadget Shoppe.
 43340 | Snake:4  | Found a frozen archway.
 43362 | IceCv    | Entered an ice cave
 43420 | IceCv    | Lost mutation: Your body has grown many golden eyes which
                  | may confuse attackers. (Acc +5) [Jiyva's grace]
 43560 | IceCv    | HP: 42/174 [anaconda simulacrum (32)]
 44063 | Snake:4  | Lost mutation: You passively map a small area around you.
                  | [Jiyva's grace]
 44066 | Snake:4  | Found Omaragif's Jewellery Shop.
 44068 | Snake:4  | Found Wiosoch's Gadget Shoppe.
 44169 | Snake:4  | Gained mutation: You have a small jelly attached to you
                  | that may absorb incoming projectiles. [Jiyva's grace]
 44410 | Snake:4  | Gained mutation: You have a pair of small horns on your
                  | head. [Jiyva's grace]
 44519 | Snake:4  | Lost mutation: You have a pair of small horns on your head.
                  | [Jiyva's grace]
 44859 | Snake:4  | Gained mutation: Scrolls take you a little longer to read.
                  | [Jiyva's grace]
 45237 | Snake:4  | Lost mutation: You have a small jelly attached to you that
                  | may absorb incoming projectiles. [Jiyva's grace]
 45245 | Snake:4  | Lost mutation: Scrolls take you a little longer to read.
                  | [Jiyva's power]
 45255 | Snake:4  | Gained mutation: You evolve. [Jiyva's grace]
 45283 | Snake:4  | Reached skill level 21 in Armour
 45300 | Snake:4  | Gained mutation: Your translucent skin slightly reduces
                  | your foes' accuracy. (Stealth) [Jiyva's grace]
 45307 | Snake:4  | Got a serpentine rune of Zot
 45513 | Snake:4  | Gained mutation: You have a small jelly attached to you
                  | that may absorb incoming projectiles. [Jiyva's grace]
 45783 | Depths:1 | Entered Level 1 of the Depths
 45831 | Depths:1 | Lost mutation: You expend magic power (3 MP) to strengthen
                  | your wands. [Jiyva's grace]
 45854 | Depths:1 | Gained mutation: You have a small jelly attached to you
                  | that senses nearby items. [Jiyva's grace]
 45860 | Depths:1 | Found a gateway to Hell.
 45977 | Depths:1 | Found Zann's Changing Room.
 46018 | Depths:1 | Lost mutation: You are robust. (+10% HP) [Jiyva's grace]
 46068 | Depths:1 | Lost mutation: Your body has grown golden eyes which may
                  | confuse attackers. (Acc +3) [Jiyva's grace]
 46116 | Depths:1 | Reached XP level 22. HP: 140/165 MP: 31/31
 46197 | Depths:1 | Reached skill level 23 in Fighting
 46218 | Depths:1 | Lost mutation: Your flesh is heat resistant. (rF+) [Jiyva's
                  | grace]
 46338 | Depths:1 | Lost mutation: You have claws for feet. [evolution]
 46489 | Depths:1 | Found a runed gate.
 46490 | Depths:1 | Found a runed gate.
 46490 | Depths:1 | Found an opulent altar of Gozag.
 46491 | Depths:1 | Found a runed gate.
 46492 | Depths:1 | Noticed FilthyApe's ghost (adept MiFi)
 46497 | Depths:1 | Found Okyphine's Assorted Antiques.
 46562 | Depths:1 | Killed FilthyApe's ghost
 46570 | Depths:1 | Gained mutation: Your rubbery body absorbs attacks. (AC +1,
                  | EV +1) [Jiyva's grace]
 46640 | Depths:1 | Found the +18 shield of the Gong {rElec rN+ MR+ EV-5}
 46765 | Depths:2 | Reached skill level 1 in Shields
 46788 | Depths:2 | Noticed a juggernaut
 46792 | Depths:2 | Slimified a juggernaut
 46792 | Depths:2 | a juggernaut changed into an azure jelly
 46796 | Depths:2 | Reached skill level 2 in Shields
 46831 | Depths:2 | Reached skill level 20 in Maces & Flails
 46864 | Depths:2 | Gained mutation: You have claws for feet. [Jiyva's grace]
 46866 | Depths:2 | Reached skill level 3 in Shields
 46929 | Depths:2 | Noticed Nikola
 46966 | Depths:2 | Lost mutation: You evolve. [Jiyva's grace]
 46977 | Depths:2 | Reached skill level 4 in Shields
 47608 | Shoals:2 | Reached skill level 5 in Shields
 47638 | Shoals:1 | Lost mutation: Your rubbery body absorbs attacks. (AC +1,
                  | EV +1) [Jiyva's grace]
 47673 | Shoals:2 | Noticed Roxanne
 47739 | Shoals:2 | Killed Roxanne
 47740 | Shoals:2 | Identified Roxanne's Papyrus of the Mountains (You took it
                  | off Roxanne on level 2 of the Shoals)
 47818 | Shoals:2 | Gained mutation: You possess an exceptional clarity of
                  | mind. [Jiyva's grace]
 47962 | Shoals:2 | Reached skill level 6 in Shields
 47964 | Shoals:2 | Lost mutation: You have claws for feet. [Jiyva's grace]
 49004 | Shoals:2 | Gained mutation: Your spells are harder to cast, but more
                  | powerful. [Jiyva's grace]
 49132 | Shoals:2 | Gained mutation: Your flesh is cold resistant. (rC+)
                  | [Jiyva's grace]
 49166 | Shoals:3 | Reached skill level 7 in Shields
 49173 | Shoals:3 | Lost mutation: You have a small jelly attached to you that
                  | senses nearby items. [Jiyva's grace]
 49213 | Shoals:3 | Identified a scroll of acquirement
 49262 | Shoals:3 | Lost mutation: You possess an exceptional clarity of mind.
                  | [Jiyva's grace]
 49960 | Shoals:4 | Entered Level 4 of the Shoals
 50316 | Shoals:4 | Reached skill level 8 in Shields
 50341 | Shoals:3 | Gained mutation: Your body has grown golden eyes which may
                  | confuse attackers. (Acc +3) [Jiyva's grace]
 50381 | Shoals:4 | Lost mutation: You have razor-sharp toenails. [Jiyva's
                  | grace]
 50389 | Shoals:4 | Lost mutation: You are partially covered in thin metallic
                  | scales. (AC +2) [Jiyva's grace]
 50432 | Shoals:4 | Lost mutation: Your body has grown golden eyes which may
                  | confuse attackers. (Acc +3) [Jiyva's grace]
 50500 | Shoals:4 | Gained mutation: Your movements are slightly less
                  | encumbered by armour. (ER -2) [Jiyva's grace]
 50635 | Shoals:4 | Gained mutation: You possess an exceptional clarity of
                  | mind. [Jiyva's grace]
 50821 | Shoals:4 | Reached skill level 9 in Shields
 51126 | Shoals:4 | Got a barnacled rune of Zot
 51458 | Depths:2 | Slimified Nikola
 51458 | Depths:2 | Noticed Nikola
 51458 | Depths:2 | Nikola changed into Nikola the azure jelly
 51502 | Depths:2 | Gained mutation: Your muscles are strong. (Str +2) [Jiyva's
                  | grace]
 51576 | Depths:2 | Reached XP level 23. HP: 155/173 MP: 32/32
 51656 | Depths:2 | Gained mutation: Armour fits poorly on your pseudopods.
                  | [Jiyva's grace]
 51738 | Depths:2 | Reached skill level 10 in Shields
 51810 | Depths:2 | Gained mutation: You are covered in slimy tendrils that may
                  | disarm your opponents. [Jiyva's grace]
 51895 | Depths:2 | Found a gateway to a ziggurat.
 51971 | Depths:2 | Lost mutation: You possess an exceptional clarity of mind.
                  | [Jiyva's grace]
 51973 | Depths:2 | Lost mutation: Your flesh is cold resistant. (rC+) [Jiyva's
                  | grace]
 52043 | Depths:2 | Reached skill level 24 in Fighting
 52065 | Depths:2 | Gained mutation: Armour fits poorly on your large
                  | pseudopods. [Jiyva's grace]
 52307 | Depths:2 | Noticed Asterion
 52308 | Depths:2 | Reached skill level 11 in Shields
 52317 | Depths:2 | Slimified Asterion
 52317 | Depths:2 | Noticed Asterion
 52317 | Depths:2 | Asterion changed into Asterion the slime creature
 52318 | Depths:2 | Lost mutation: Your spells are harder to cast, but more
                  | powerful. [Jiyva's grace]
 52338 | Depths:2 | Lost mutation: You have sharp toenails. [Jiyva's grace]
 52960 | Depths:3 | Noticed a caustic shrike
 52972 | Depths:3 | Slimified a caustic shrike
 52972 | Depths:3 | a caustic shrike changed into an acid blob
 52986 | Depths:3 | Noticed a caustic shrike
 52998 | Depths:3 | Slimified a caustic shrike
 52998 | Depths:3 | a caustic shrike changed into an azure jelly
 53003 | Depths:3 | Gained mutation: Your muscles are very strong. (Str +4)
                  | [Jiyva's grace]
 53024 | Depths:3 | Found Nejaytit's One-of-a-Kind Books.
 53212 | Depths:3 | Found a runed door.
 53262 | Depths:3 | Lost mutation: You are mostly covered in rugged brown
                  | scales. (AC +2, +5% HP) [Jiyva's grace]
 53436 | Depths:3 | Found a runed door.
 53436 | Depths:3 | Noticed a caustic shrike
 53475 | Depths:3 | Found a one-way gate leading to the halls of Pandemonium.
 53640 | Depths:3 | Slimified a caustic shrike
 53640 | Depths:3 | a caustic shrike changed into an azure jelly
 53716 | Depths:4 | Reached skill level 12 in Shields
 53733 | Depths:3 | Gained mutation: Your mind is acute. (Int +2) [Jiyva's
                  | grace]
 53954 | Depths:4 | Lost mutation: You are covered in slimy tendrils that may
                  | disarm your opponents. [Jiyva's grace]
 53966 | Depths:4 | Found a runed gate.
 53967 | Depths:4 | Found a runed gate.
 53969 | Depths:4 | Got a warped chain mail
 53971 | Depths:4 | Found a runed gate.
 53971 | Depths:4 | Noticed Sagof's ghost (veteran GrMo)
 54077 | Depths:4 | Lost mutation: Your translucent skin slightly reduces your
                  | foes' accuracy. (Stealth) [Jiyva's grace]
 54111 | Depths:4 | Reached skill level 21 in Maces & Flails
 54306 | Depths:4 | Lost mutation: Armour fits poorly on your large pseudopods.
                  | [Jiyva's grace]
 54623 | Depths:4 | Gained mutation: Your body sometimes deteriorates upon
                  | taking damage. [a cacodemon]
 54670 | Depths:4 | Found a one-way gate to the infinite horrors of the Abyss.
 55307 | Depths:3 | Killed Sagof's ghost
 55319 | Depths:3 | HP: 21/173 [Hell Sentinel/damnation (34)]
 55320 | Depths:3 | Killed from afar by a Hell Sentinel

Vault maps used:
D:1:      lightli_arrival_farm, nemelex_diamond_rough_becter
D:2:      lemuel_doored_altar, fedhas_altar_2
D:3:      tso_metal_star, gammafunk_temple_overflow_forgotten
D:4:      minmay_temple_entry_nine_rooms, first_ration,
          nicolae_gozag_cash_rules_everything_around_me
D:5:      old_standard_altar, overflow_temple_1_default,
          nicolae_underground_beach, uniq_crazy_yiuf_cottage
D:6:      grunt_temple_overflow_diamond, gup_sewer_entry_glass, uniq_pikel,
          uniq_duvessa
D:7:      nemelex_xobeh_ov_fountains_minmay, uniq_harold
D:8:      kennysheep_little_box, gup_ossuary_entry_pyramid
D:9:      zin_statuary, lair_entry_dummy, orc_0_dummy, hangedman_ranch,
          cheibrodos_ashenzari_chains
D:10:     minmay_wavy_crystal, enter_bailey_7, pond
D:12:     uniq_azrael
D:13:     minmay_box_of_curves, minivault_16,
          minmay_guarded_unrand_skullcrusher, uniq_josephine
D:14:     erik_vaults_2, roderic_filled_cross
D:15:     hangedman_depths_entry_try_elsewhere_first, grunt_decor_mini_mirrors,
          minivault_11
Lair:1:   nicolae_volcano_entry_s_turn, uniq_fannar
Lair:2:   beast_lair_carwin_large_3, uniq_gastronok
Lair:3:   grunt_megastairs_3
Lair:4:   minmay_shoals_entry_centaurs, minmay_snake_entry_six_corridors,
          minmay_holes, kennysheep_rathole, infiniplex_staircase_pool,
          lemuel_fruit_fields
Lair:5:   dpeg_slime_entry_enclosed_altar, zaba_antful_of_joy, uniq_urug
Lair:6:   gammafunk_lair_ancient_temple
Shoals:2: nicolae_shoals_this_corrosion, uniq_roxanne
Shoals:3: cheibrodos_shoals_satyrical_garden, yaktaur_hedge
Shoals:4: shoals_end_hangedman, argonaut_gorgonesque
Snake:1:  dpeg_oklob_gauntlet
Snake:2:  evilmike_ambush
Snake:3:  uniq_agnes, uniq_vashnia
Snake:4:  snake_pit, portal_ice_cave_entry_frozen_things, minmay_shop_grove
Slime:4:  cheibrodos_slime_lost_civilization_7
Slime:5:  uniq_dissolution
Orc:1:    basic_altar
Orc:2:    kennysheep_orc_mage_school
Elf:1:    eino_elf_arrival_sip, minmay_elf_sorcery
Vaults:1: v_misc_26, grunt_vaults_hallway_long, vaults_room_large_hall,
          vaults_mumra_chevron, ontoclasm_vaults_decontamination,
          v_alt_pattern_2, vaults_room_door_hall,
          nicolae_vaults_mini_display_case
Vaults:2: v_misc_1, vaults_mumra_lcd, v_misc_5, v_misc_25,
          hangedman_vaults_stretched_pinwheel, minmay_crypt_entry_nasty_monster,
          vaults_standard_mumra_enter_the_diamond, ontoclasm_vaults_gateway,
          ontoclasm_vaults_shout, ontoclasm_vaults_idyll, serial_shops,
          nicolae_shop_crystal
Vaults:3: ontoclasm_vaults_eye, nicolae_vaults_circle_grid_a, vaults_room_pools,
          dpeg_vaults_monster_box, v_alt_pattern_6, v_alt_pattern_6, v_misc_5,
          v_misc_32, vaults_mumra_chevron_long, nicolae_vaults_little_squares_6,
          v_alt_pattern_1, grunt_vaults_hallway_long, st_octagons_1, v_misc_14,
          serial_shops, shop
Vaults:4: v_misc_19, hangedman_vaults_snaps, nicolae_vaults_network_square,
          kb_rosetta, vaults_standard_mumra_enter_the_diamond, vaults_mumra_hex,
          vaults_dpeg_cross, vaults_dpeg_ring
Vaults:5: uniq_margery
Depths:1: minmay_ambush_box, ebering_ghost_gozag, hell_entry,
          marbit_kobold_abyss_entry, kennysheep_nondescript,
          nrook_pool_corridor, nicolae_transmutations_shop
Depths:2: minmay_spiral_squares, enter_ziggurat_b, hell_entry,
          small_statue_intersection, st_stairs_10, uniq_nikola, uniq_asterion
Depths:3: minmay_the_grid_triangle_9x9_recursive_2_mashed, pf_coc_iceberg,
          pan_entry, nicolae_sextant, nicolae_rare_books
Depths:4: minmay_two_paths, hell_entry, biasface_ghost_demon_polymorph,
          rand_demon_pan_entry_7, abyss_entry, serial_bayou_shore_b
Sewer:    sewer_co_scattered_pipes
Ossuary:  ossuary_boxes_badplayer
Bailey:   bailey_axe_3, bailey
IceCv:    ice_cave_statue_garden_chambered
Volcano:  volcano_lake

Skill      XL: |  1  2  3  4  5  6  7  8  9 10 11 12 13 14 15 16 17 18 19 20 21 22 23 |
---------------+----------------------------------------------------------------------+-----
Armour         | 1 2 3 4 5 7 11 14 16 18 19 21 | 21.4
Maces & Flails | 4 5 6 7 8 10 11 12 13 14 15 16 17 18 19 20 21 | 21.0
Fighting       | 4 5 6 8 9 10 14 17 19 20 21 22 23 24 | 24.6
Invocations    | 5 9 10 12 | 12.1
Shields        | 9 12 | 12.8
Dodging        | |  2.4
Stealth        | |  2.1

Action                   |  1- 3 |  4- 6 |  7- 9 | 10-12 | 13-15 | 16-18 | 19-21 | 22-24 || total
-------------------------+-------+-------+-------+-------+-------+-------+-------+-------++-------
Melee: Mace              |   109 |   105 |       |       |       |       |       |       ||   214
       Whip              |       |     9 |    57 |     8 |       |       |       |       ||    74
       Flail             |       |       |   333 |   367 |       |       |   882 |  1249 ||  2831
       Morningstar       |       |       |       |    60 |   949 |  1231 |   591 |   241 ||  3072
       Kick              |       |       |       |       |    74 |       |   503 |   592 ||  1169
       Bite              |       |       |       |       |     3 |    60 |    91 |       ||   154
       Pseudopods        |       |       |       |       |     3 |       |       |   219 ||   222
       Unarmed           |       |       |       |       |     3 |       |       |       ||     3
       Peck              |       |       |       |       |       |    18 |   212 |       ||   230
       Headbutt          |       |       |       |       |       |       |    78 |       ||    78
Throw: Tomahawk          |       |       |       |       |       |     5 |       |       ||     5
Invok: Triple Draw       |       |       |       |    10 |     3 |       |       |       ||    13
       Deal Four         |       |       |       |       |     3 |       |       |       ||     3
       Stack Five        |       |       |       |       |     1 |       |       |       ||     1
       Request Jelly     |       |       |       |       |    28 |    27 |    32 |    24 ||   111
       Slimify           |       |       |       |       |     2 |    10 |    19 |    22 ||    53
       Cure Bad Mutation |       |       |       |       |       |     1 |     5 |       ||     6
 Abil: Fly               |       |       |       |       |       |       |       |     2 ||     2
       Stop Flying       |       |       |       |       |       |       |       |     2 ||     2
Evoke: Deck              |     1 |     7 |    13 |    36 |    11 |       |       |       ||    68
       Box of beasts     |       |       |       |     2 |       |       |       |       ||     2
       Phial of floods   |       |       |       |     1 |     1 |       |     1 |       ||     3
       Wand              |       |       |       |       |       |       |     3 |     1 ||     4
  Use: Potion            |       |     1 |       |     9 |     6 |     1 |     6 |     4 ||    27
       Scroll            |       |     3 |     6 |    23 |    14 |     9 |     6 |     6 ||    67
 Stab: Sleeping          |     1 |       |     2 |       |       |       |       |       ||     3
       Distracted        |       |       |       |     4 |     3 |     1 |     1 |     3 ||    12
       Invisible         |       |       |       |     1 |       |       |       |       ||     1
       Petrifying        |       |       |       |     1 |       |       |       |       ||     1
       Petrified         |       |       |       |     1 |       |       |       |       ||     1
       Confused          |       |       |       |       |       |    11 |    13 |       ||    24
  Eat: Chunk             |       |     5 |     7 |     6 |     5 |     3 |       |       ||    26
       Ration            |       |       |     2 |     4 |     8 |     3 |       |       ||    17
Armor: Robe              |     8 |       |       |       |       |       |       |       ||     8
       Ring mail         |    62 |    62 |    93 |       |       |       |       |       ||   217
       Plate armour      |       |       |    77 |   439 |   691 |       |       |       ||  1207
       Crystal plate arm |       |       |       |       |   250 |   938 |  1922 |  1447 ||  4557
Dodge: Dodged            |   108 |    82 |   154 |   182 |   410 |   526 |  1028 |   316 ||  2806
Block: Shield            |       |       |       |       |       |       |       |  2722 ||  2722

Table legend:
 A = Non-vault XP
 B = Vault XP
 C = Vault XP percentage of total XP
 D = Non-vault monster count
 E = Vault monster count
 F = Vault count percentage of total count
                 A         B        C        D         E       F
            +---------+---------+-------+---------+---------+-------
      Total |  441410 |  354212 |  44.5 |    1118 |     640 |  36.4
            +---------+---------+-------+---------+---------+-------
        D:1 |      28 |       0 |   0.0 |      16 |       0 |   0.0
        D:2 |     304 |       0 |   0.0 |      34 |       0 |   0.0
        D:3 |     100 |       0 |   0.0 |      27 |       0 |   0.0
        D:4 |     405 |       0 |   0.0 |      11 |       0 |   0.0
        D:5 |     428 |      40 |   8.5 |      10 |       1 |   9.1
        D:6 |     268 |     780 |  74.4 |       9 |       6 |  40.0
        D:7 |     779 |     873 |  52.8 |      11 |       1 |   8.3
        D:8 |    1712 |      20 |   1.2 |      31 |       1 |   3.1
        D:9 |    2867 |    1991 |  41.0 |      28 |       8 |  22.2
       D:10 |    2484 |    1659 |  40.0 |      40 |      13 |  24.5
       D:11 |     839 |       0 |   0.0 |      14 |       0 |   0.0
       D:12 |    5266 |    2519 |  32.4 |      22 |       8 |  26.7
       D:13 |    6792 |   16631 |  71.0 |      30 |      37 |  55.2
       D:14 |    6064 |    7846 |  56.4 |      15 |       8 |  34.8
       D:15 |    6882 |    2247 |  24.6 |      15 |       3 |  16.7
     Lair:1 |    2656 |     743 |  21.9 |      11 |       1 |   8.3
     Lair:2 |    2955 |    1937 |  39.6 |      15 |      10 |  40.0
     Lair:3 |    3589 |     239 |   6.2 |      11 |       2 |  15.4
     Lair:4 |    6472 |     966 |  13.0 |      14 |      24 |  63.2
     Lair:5 |   12115 |    7115 |  37.0 |      52 |      35 |  40.2
     Lair:6 |   11143 |    8168 |  42.3 |      38 |      26 |  40.6
   Shoals:1 |   23264 |       0 |   0.0 |      39 |       0 |   0.0
   Shoals:2 |   20734 |    4854 |  19.0 |      44 |       7 |  13.7
   Shoals:3 |   14920 |    1364 |   8.4 |      31 |       3 |   8.8
   Shoals:4 |   12779 |   17845 |  58.3 |      24 |      32 |  57.1
    Snake:1 |   12474 |       0 |   0.0 |      23 |       0 |   0.0
    Snake:2 |   13253 |   10800 |  44.9 |      27 |      22 |  44.9
    Snake:3 |   23163 |    2947 |  11.3 |      48 |       4 |   7.7
    Snake:4 |   22349 |   30262 |  57.5 |      36 |      46 |  56.1
      Orc:1 |    5555 |       0 |   0.0 |      38 |       0 |   0.0
      Orc:2 |    1544 |    6086 |  79.8 |      22 |      24 |  52.2
      Elf:1 |    1100 |    4353 |  79.8 |       2 |       8 |  80.0
   Vaults:1 |   26626 |   11403 |  30.0 |      42 |      18 |  30.0
   Vaults:2 |   19363 |    8473 |  30.4 |      39 |      12 |  23.5
   Vaults:3 |   35917 |   17802 |  33.1 |      54 |      27 |  33.3
   Vaults:4 |   29625 |   39444 |  57.1 |      46 |      39 |  45.9
   Vaults:5 |   25103 |   57313 |  69.5 |      36 |      45 |  55.6
   Depths:1 |   19243 |    8144 |  29.7 |      31 |      10 |  24.4
   Depths:2 |   35200 |   41987 |  54.4 |      44 |      39 |  47.0
   Depths:3 |   12365 |    9336 |  43.0 |      18 |       7 |  28.0
   Depths:4 |   12685 |   17853 |  58.5 |      20 |      16 |  44.4
      Sewer |       0 |      41 | 100.0 |       0 |      20 | 100.0
    Ossuary |       0 |     411 | 100.0 |       0 |      37 | 100.0
     Bailey |       0 |    1058 | 100.0 |       0 |      16 | 100.0
      IceCv |       0 |    8414 | 100.0 |       0 |      22 | 100.0
    Volcano |       0 |     248 | 100.0 |       0 |       2 | 100.0
            +---------+---------+-------+---------+---------+-------

Vault maps used:
D:1:      lightli_arrival_farm, nemelex_diamond_rough_becter
D:2:      lemuel_doored_altar, fedhas_altar_2
D:3:      tso_metal_star, gammafunk_temple_overflow_forgotten
D:4:      minmay_temple_entry_nine_rooms, first_ration,
          nicolae_gozag_cash_rules_everything_around_me
D:5:      old_standard_altar, overflow_temple_1_default,
          nicolae_underground_beach, uniq_crazy_yiuf_cottage
D:6:      grunt_temple_overflow_diamond, gup_sewer_entry_glass, uniq_pikel,
          uniq_duvessa
D:7:      nemelex_xobeh_ov_fountains_minmay, uniq_harold
D:8:      kennysheep_little_box, gup_ossuary_entry_pyramid
D:9:      zin_statuary, lair_entry_dummy, orc_0_dummy, hangedman_ranch,
          cheibrodos_ashenzari_chains
D:10:     minmay_wavy_crystal, enter_bailey_7, pond
D:12:     uniq_azrael
D:13:     minmay_box_of_curves, minivault_16,
          minmay_guarded_unrand_skullcrusher, uniq_josephine
D:14:     erik_vaults_2, roderic_filled_cross
D:15:     hangedman_depths_entry_try_elsewhere_first, grunt_decor_mini_mirrors,
          minivault_11
Lair:1:   nicolae_volcano_entry_s_turn, uniq_fannar
Lair:2:   beast_lair_carwin_large_3, uniq_gastronok
Lair:3:   grunt_megastairs_3
Lair:4:   minmay_shoals_entry_centaurs, minmay_snake_entry_six_corridors,
          minmay_holes, kennysheep_rathole, infiniplex_staircase_pool,
          lemuel_fruit_fields
Lair:5:   dpeg_slime_entry_enclosed_altar, zaba_antful_of_joy, uniq_urug
Lair:6:   gammafunk_lair_ancient_temple
Shoals:2: nicolae_shoals_this_corrosion, uniq_roxanne
Shoals:3: cheibrodos_shoals_satyrical_garden, yaktaur_hedge
Shoals:4: shoals_end_hangedman, argonaut_gorgonesque
Snake:1:  dpeg_oklob_gauntlet
Snake:2:  evilmike_ambush
Snake:3:  uniq_agnes, uniq_vashnia
Snake:4:  snake_pit, portal_ice_cave_entry_frozen_things, minmay_shop_grove
Slime:4:  cheibrodos_slime_lost_civilization_7
Slime:5:  uniq_dissolution
Orc:1:    basic_altar
Orc:2:    kennysheep_orc_mage_school
Elf:1:    eino_elf_arrival_sip, minmay_elf_sorcery
Vaults:1: v_misc_26, grunt_vaults_hallway_long, vaults_room_large_hall,
          vaults_mumra_chevron, ontoclasm_vaults_decontamination,
          v_alt_pattern_2, vaults_room_door_hall,
          nicolae_vaults_mini_display_case
Vaults:2: v_misc_1, vaults_mumra_lcd, v_misc_5, v_misc_25,
          hangedman_vaults_stretched_pinwheel, minmay_crypt_entry_nasty_monster,
          vaults_standard_mumra_enter_the_diamond, ontoclasm_vaults_gateway,
          ontoclasm_vaults_shout, ontoclasm_vaults_idyll, serial_shops,
          nicolae_shop_crystal
Vaults:3: ontoclasm_vaults_eye, nicolae_vaults_circle_grid_a, vaults_room_pools,
          dpeg_vaults_monster_box, v_alt_pattern_6, v_alt_pattern_6, v_misc_5,
          v_misc_32, vaults_mumra_chevron_long, nicolae_vaults_little_squares_6,
          v_alt_pattern_1, grunt_vaults_hallway_long, st_octagons_1, v_misc_14,
          serial_shops, shop
Vaults:4: v_misc_19, hangedman_vaults_snaps, nicolae_vaults_network_square,
          kb_rosetta, vaults_standard_mumra_enter_the_diamond, vaults_mumra_hex,
          vaults_dpeg_cross, vaults_dpeg_ring
Vaults:5: uniq_margery
Depths:1: minmay_ambush_box, ebering_ghost_gozag, hell_entry,
          marbit_kobold_abyss_entry, kennysheep_nondescript,
          nrook_pool_corridor, nicolae_transmutations_shop
Depths:2: minmay_spiral_squares, enter_ziggurat_b, hell_entry,
          small_statue_intersection, st_stairs_10, uniq_nikola, uniq_asterion
Depths:3: minmay_the_grid_triangle_9x9_recursive_2_mashed, pf_coc_iceberg,
          pan_entry, nicolae_sextant, nicolae_rare_books
Depths:4: minmay_two_paths, hell_entry, biasface_ghost_demon_polymorph,
          rand_demon_pan_entry_7, abyss_entry, serial_bayou_shore_b
Sewer:    sewer_co_scattered_pipes
Ossuary:  ossuary_boxes_badplayer
Bailey:   bailey_axe_3, bailey
IceCv:    ice_cave_statue_garden_chambered
Volcano:  volcano_lake

Table legend:
 A = Turns spent in this place as a percentage of turns spent in the entire game.
 B = Non-inter-level travel turns spent in this place as a percentage of non-inter-level travel turns spent in the entire game.
 C = Inter-level travel turns spent in this place as a percentage of turns spent in this place.
 D = Turns resting spent in this place as a percentage of non-inter-level travel turns spent in this place.
 E = Turns spent auto-exploring this place as a percentage of non-inter-level travel turns spent in this place.
 F = Non-inter-level travel turns spent in this place divided by the number of levels of this place that you've seen.
                   A       B       C       D       E      F
               +-------+-------+-------+-------+-------+----------------------
         Total | 100.0 | 100.0 |   5.2 |  22.4 |  37.5 | 1028.7
       Dungeon |  33.3 |  32.4 |   7.7 |  32.0 |  37.4 | 1132.5
          Lair |  16.7 |  16.4 |   6.8 |  32.6 |  34.2 | 1437.3
        Shoals |   9.4 |   9.5 |   4.4 |  12.4 |  42.6 | 1240.8
     Snake Pit |   7.3 |   7.4 |   3.1 |   5.0 |  46.6 | 974.5
    Slime Pits |   2.2 |   2.2 |   6.4 |   8.9 |  69.4 | 225.8
  Orcish Mines |   3.3 |   3.4 |   2.5 |  23.3 |  25.4 | 893.0
   Elven Halls |   0.3 |   0.3 |   0.0 |   0.0 |  14.5 | 159.0
        Vaults |  14.3 |  14.7 |   2.5 |   9.3 |  33.5 | 1546.6
        Depths |   9.2 |   9.5 |   2.9 |  14.6 |  40.3 | 1241.8
         Sewer |   1.1 |   1.2 |   0.0 |   0.0 |  65.7 | 607.0
       Ossuary |   1.0 |   1.0 |   0.0 |  28.4 |  34.3 | 545.0
        Bailey |   0.5 |   0.6 |   0.0 |  48.8 |   0.0 | 295.0
      Ice Cave |   1.3 |   1.3 |   0.0 |  61.0 |   0.0 | 693.0
       Volcano |   0.1 |   0.1 |   0.0 |  19.7 |   0.0 |  76.0
               +-------+-------+-------+-------+-------+----------------------

Table legend:
 A = Kills in this place as a percentage of kills in entire the game.
 B = Kills by you in this place as a percentage of kills by you in the entire game.
 C = Kills by friends in this place as a percentage of kills by friends in the entire game.
 D = Other kills in this place as a percentage of other kills in the entire game.
 E = Experience gained in this place as a percentage of experience gained in the entire game.
 F = Experience gained in this place divided by the number of levels of this place that you have seen.
                   A       B       C       D       E      F
               +-------+-------+-------+-------+-------+----------------------
         Total | 100.0 | 100.0 | 100.0 | 100.0 | 100.0 | 15600.4
       Dungeon |  22.7 |  20.7 |  56.7 |  20.9 |   8.8 | 4654.9
          Lair |  13.6 |  12.8 |  33.0 |   0.0 |   7.3 | 9683.0
        Shoals |  10.2 |  10.9 |   0.0 |   9.3 |  12.0 | 23940.0
     Snake Pit |  11.7 |  12.7 |   1.0 |   0.0 |  14.5 | 28812.0
  Orcish Mines |   4.8 |   5.1 |   0.0 |   2.3 |   1.7 | 6592.5
   Elven Halls |   0.6 |   0.6 |   1.0 |   0.0 |   0.7 | 5453.0
        Vaults |  20.4 |  21.5 |   0.0 |  23.3 |  34.1 | 54213.8
        Depths |  10.5 |  10.6 |   0.0 |  32.6 |  19.7 | 39203.2
         Sewer |   1.1 |   1.2 |   0.0 |   0.0 |   0.0 |  41.0
       Ossuary |   2.1 |   2.2 |   1.0 |   0.0 |   0.1 | 411.0
        Bailey |   0.9 |   0.2 |   7.2 |  11.6 |   0.1 | 1058.0
      Ice Cave |   1.3 |   1.4 |   0.0 |   0.0 |   1.1 | 8414.0
       Volcano |   0.1 |   0.1 |   0.0 |   0.0 |   0.0 | 248.0
               +-------+-------+-------+-------+-------+----------------------
